Workbook
Name allowed10375: 'Valid Values'!$R$2:$R$33
Name allowed10376: 'Valid Values'!$S$2:$S$27
Name allowed10377: 'Valid Values'!$U$2:$U$17
Name allowed10391: 'Valid Values'!$O$2:$O$6
Name allowed10393: 'Valid Values'!$P$2:$P$19
Name allowed10429: 'Valid Values'!$AN$2:$AN$4
Name allowed185333: 'Valid Values'!$AK$2:$AK$70
Name allowed210009: 'Valid Values'!$AR$2:$AR$5
Name allowed222846: 'Valid Values'!$BA$2:$BA$5
Name allowed222849: 'Valid Values'!$BB$2:$BB$61
Name allowed222981: 'Valid Values'!$V$2:$V$12
Name allowed222982: 'Valid Values'!$T$2:$T$7
Name allowed223537: 'Valid Values'!$W$2:$W$3
Name allowed224756: 'Valid Values'!$AO$2:$AO$4
Name allowed224977: 'Valid Values'!$AP$2:$AP$4
Name allowed236265: 'Valid Values'!$AS$2:$AS$3
Name allowed239991: 'Valid Values'!$X$2:$X$15
Name allowed239997: 'Valid Values'!$Y$2:$Y$5
Name allowed244560: 'Valid Values'!$Z$2:$Z$6
Name allowed251106: 'Valid Values'!$AT$2:$AT$5
Name allowed255266: 'Valid Values'!$BD$2:$BD$4
Name allowed256050: 'Valid Values'!$BE$2:$BE$22
Name allowed293475: 'Valid Values'!$AA$2:$AA$20
Name allowed333534: 'Valid Values'!$BC$2:$BC$26
Name allowed340805: 'Valid Values'!$AV$2:$AV$17
Name allowed341053: 'Valid Values'!$AW$2:$AW$6
Name allowed346776: 'Valid Values'!$AB$2:$AB$11
Name allowed351565: 'Valid Values'!$AC$2:$AC$5
Name allowed351576: 'Valid Values'!$AE$2:$AE$5
Name allowed351606: 'Valid Values'!$AH$2:$AH$6
Name allowed352293: 'Valid Values'!$AG$2:$AG$8
Name allowed352302: 'Valid Values'!$AF$2:$AF$8
Name allowed364800: 'Valid Values'!$AQ$2:$AQ$5
Name allowed367216: 'Valid Values'!$AD$2:$AD$13
Name allowed369745: 'Valid Values'!$AX$2:$AX$13
Name allowed371510: 'Valid Values'!$AI$2:$AI$17
Name allowed373909: 'Valid Values'!$AU$2:$AU$37
Name allowed378129: 'Valid Values'!$Q$2:$Q$55
Name allowed381749: 'Valid Values'!$AJ$2:$AJ$22
Name allowed384836: 'Valid Values'!$AL$2:$AL$22
Name allowed386031: 'Valid Values'!$AY$2:$AY$4
Name allowed400839: 'Valid Values'!$AM$2:$AM$5
Name allowed421625: 'Valid Values'!$AZ$2:$AZ$6
Name allowedcore__manufacturerId: 'Valid Values'!$A$2:$A$2
Name allowedmedia__documentType: 'Valid Values'!$K$2:$K$16
Name allowedmedia__language: 'Valid Values'!$N$2:$N$30
Name allowedmedia__legalDocumentType: 'Valid Values'!$L$2:$L$507
Name allowedmedia__regionType: 'Valid Values'!$M$2:$M$5
Name allowedpropSixtyFive__chemicalId: 'Valid Values'!$H$2:$H$902
Name allowedpropSixtyFive__countryOfManufacturer: 'Valid Values'!$J$2:$J$248
Name allowedpropSixtyFive__toxicity: 'Valid Values'!$I$2:$I$3
Name allowedshippingAndFulfillment__freightClass: 'Valid Values'!$E$2:$E$19
Name allowedshippingAndFulfillment__leadTime: 'Valid Values'!$F$2:$F$18
Name allowedshippingAndFulfillment__replacementLeadTime: 'Valid Values'!$G$2:$G$7
Name allowedshippingAndFulfillment__shipType: 'Valid Values'!$D$2:$D$3
Name allowedvariantGrouping__variantGrouping: 'Valid Values'!$C$2:$C$6
Name allowedvariantGrouping__variantType: 'Valid Values'!$B$2:$B$4
Name Class441Answers: '441 - Coffee & Cocktail'!$B$8:$EN$507
Name Class441Errors: '441 - Coffee & Cocktail-WUO_ERR'!$B$8:$EN$507
Name Class441Headers: '441 - Coffee & Cocktail'!$B$4:$EN$4

Sheet Instructions
A1: New Features | D1: For Mandarin translations of product questions, please click here. All answer inputs should still be provided in English. 点击此处查看所有产品相关问题的中文翻译。
A2: Variant Grouping
A3: If you have indicated that you will provide variant grouping data via template settings, additional columns for variant grouping information have been added to the class | C3: Legends
A4: sheet. Enter a common identifier to indicate which part numbers should be grouped together, select attribute(s) to group variants by (or enter custom category if | C4: Cell Fill Colors
A5: desired category is not included in the dropdown), and provide corresponding variant attribute. Groupings that violate Wayfair's Do Not Join rules will be excluded. | C5: Light Red | D5: Missing required data
A6: If Wayfair detects additional variants, products will be grouped further after submission. | C6: Gray | D6: Not required/will be autofilled*
C7: Red | D7: Error/incorrect answer
A8: Class Sheet Instructions | C8: Blue | D8: Autofill suggested by Wayfair (review needed)
A9: Conditional Formatting | C9: Yellow | D9: Warning
A10: Some answers to questions on the spec sheet are dependent on upstream responses, whether they are related to attributes like material type, existence of features | C10: No fill | D10: Validated/no action required
A11: or compliance. Real-time cell coloring per the legend indicates whether an input is required, has an error or has a conditional rule applied. | D11: * For products that have already been submitted, the entire row will be filled gray and cannot be edited further
A12: Error Guidance
A13: Errors are highlighted on the Error Summary Tab which shows a summary of all errors across all sheets with high level details and hyperlinks to the corresponding | C13: Data Priority
A14: cell where the error occurred. Additionally, a new Error Status Column at the beginning of each class sheet will show the status of each row and will display the first error | C14: Required | D14: Data required for product to be live on site
A15: error message in that row, and will update as errors are resolved from left to right. | C15: Recommended | D15: Not required but recommended to improve search and browse
C16: Additional | D16: Optional but enhances listings for customers
A17: All data provided in the class sheet feeds directly to the customer-facing Product Details Page (PDP), optimizes search and enables order fulfillment. Please ensure the | C17: Conditional | D17: Data may be required based on prior responses
A18: data provided is accurate and as detailed as possible.
A19: Notes: | C19: Data Type
A20: • Column headers provide additional information on the data required for each column. | C20: Text | D20: Enter a text-based response
A21: • Completing Recommended and Additional fields further enhances the customer experience and improves the quality of listings for better product discovery. | C21: Single-Select | D21: Select one option from a list of provided options (listed in a dropdown on the cell)
A22: • Marketing Copy should provide a compelling, informative overview of the product, ensuring it effectively highlights key features, benefits, and use cases. | C22: Multi-Select | D22: Enter one or more options from a list of provided options, separated using a semi-colon (;)
A23: Incorporating comprehensive, descriptive language will enable future enhancements for capturing and improving product tagging. | C23: Number* | D23: Enter a decimal numeric response with up to 2 decimal points
A24: ◦ Provide key selling point(s)/feature(s) that differentiate your product and inform customers about your product and encourage purchase. | C24: Whole Number* | D24: Enter an integer (whole number) numeric response
A25: ◦ Either Marketing Copy OR at least 3 Feature Bullets are required. Feature bullets will be displayed on Wayfair PDP in bulleted form. | C25: Yes or No | D25: Enter a Yes, No or Does Not Apply response (listed in a dropdown on the cell)
A26: • The order in which media is input may not be reflected in order of imagery on the product page. | D26: * Does Not Apply is a valid response when applicable
A27: • If all products in a class have the same answer to a question, a default value can be set. An answer entered in the Default Answer row will be applied to all products
A28: in that class automatically. Additional products added to this class in the future will have the same default value applied as well. For any products that have a
A29: different answer than others in the class, enter the answer manually to the applicable row to bypass the default just for that question and product.
A31: Additional Tabs Instructions
A32: Additional Cartons
A33: If a product ships in more than 5 cartons, use the Additional Cartons tab to submit data for cartons 6 and beyond. To add additional cartons, provide the Supplier Part
A34: Number followed by corresponding data for each carton.
A35: Additional Chemicals
A36: If your product contains more than 5 chemicals that need to be reported for Proposition 65, use the Additional Chemicals tab to add additional data.
A37: Additional Media
A38: If a product has more media files than there are columns for in the class sheet, use the Additional Images, Videos or Documents tabs to add additional data.
A39: Notes:
... A45: The Failed Products tab will only show if products in your template failed to upload. These products will need to be added to a new template and uploaded again.

Sheet Error Summary
A1: This Error Summary tab lists all errors and warnings in the spec sheet. Each entry includes a link to the specific cell and detailed information about the issue.
A2: Status | B2: Location | C2: Sheet Name | D2: Supplier Part Number | E2: Product Name | F2: Field | G2: Provided Answer | H2: Error Message
A3: {=_xlfn.LET(_xlpm.class441Data,GetSheetStatusData(Class441Tracker,Class441Errors),_xlpm.shippingAndFulfillment__cartonsData,GetSheetStatusData(shippingAndFulfillment__cartonsTracker,shippingAndFulfillment__cartonsErrors),_xlpm.propSixtyFive__chemicalsData,GetSheetStatusData(propSixtyFive__chemicalsTracker,propSixtyFive__chemicalsErrors),_xlpm.media__imagesData,GetSheetStatusData(media__imagesTracker,media__imagesErrors),_xlpm.media__videosData,GetSheetStatusData(media__videosTracker,media__videosErrors),_xlpm.media__documentsData,GetSheetStatusData(media__documentsTracker,media__documentsErrors),_xlpm.stackedData,_xlfn.VSTACK(_xlpm.class441Data,_xlpm.shippingAndFulfillment__cartonsData,_xlpm.propSixtyFive__chemicalsData,_xlpm.media__imagesData,_xlpm.media__videosData,_xlpm.media__documentsData),_xlfn._xlws.FILTER(_xlpm.stackedData,_xlpm.stackedData<>"",""))} | B3: =IF(AND(C3<>"",J3<>""),HYPERLINK("#'"&C3&"'!"&J3,J3),"") | C3: {=_xlfn.LET(_xlpm.class441Data,GetSheetNameData(Class441Tracker,Class441Errors,"441 - Coffee & Cocktail"),_xlpm.shippingAndFulfillment__cartonsData,GetSheetNameData(shippingAndFulfillment__cartonsTracker,shippingAndFulfillment__cartonsErrors,"Additional Cartons"),_xlpm.propSixtyFive__chemicalsData,GetSheetNameData(propSixtyFive__chemicalsTracker,propSixtyFive__chemicalsErrors,"Additional Chemicals"),_xlpm.media__imagesData,GetSheetNameData(media__imagesTracker,media__imagesErrors,"Additional Images"),_xlpm.media__videosData,GetSheetNameData(media__videosTracker,media__videosErrors,"Additional Videos"),_xlpm.media__documentsData,GetSheetNameData(media__documentsTracker,media__documentsErrors,"Additional Documents"),_xlpm.stackedData,_xlfn.VSTACK(_xlpm.class441Data,_xlpm.shippingAndFulfillment__cartonsData,_xlpm.propSixtyFive__chemicalsData,_xlpm.media__imagesData,_xlpm.media__videosData,_xlpm.media__documentsData),_xlfn._xlws.FILTER(_xlpm.stackedData,_xlpm.stackedData<>"",""))} | D3: {=_xlfn.LET(_xlpm.class441PartNumbers,GetSheetSupplierPartNumbers(Class441Tracker,Class441Errors,'441 - Coffee & Cocktail'!B:B),_xlpm.shippingAndFulfillment__cartonsPartNumbers,GetSheetSupplierPartNumbers(shippingAndFulfillment__cartonsTracker,shippingAndFulfillment__cartonsErrors,'Additional Cartons'!B:B),_xlpm.propSixtyFive__chemicalsPartNumbers,GetSheetSupplierPartNumbers(propSixtyFive__chemicalsTracker,propSixtyFive__chemicalsErrors,'Additional Chemicals'!B:B),_xlpm.media__imagesPartNumbers,GetSheetSupplierPartNumbers(media__imagesTracker,media__imagesErrors,'Additional Images'!B:B),_xlpm.media__videosPartNumbers,GetSheetSupplierPartNumbers(media__videosTracker,media__videosErrors,'Additional Videos'!B:B),_xlpm.media__documentsPartNumbers,GetSheetSupplierPartNumbers(media__documentsTracker,media__documentsErrors,'Additional Documents'!B:B),_xlpm.stackedPartNumbers,_xlfn.VSTACK(_xlpm.class441PartNumbers,_xlpm.shippingAndFulfillment__cartonsPartNumbers,_xlpm.propSixtyFive__chemicalsPartNumbers,_xlpm.media__imagesPartNumbers,_xlpm.media__videosPartNumbers,_xlpm.media__documentsPartNumbers),_xlfn._xlws.FILTER(_xlpm.stackedPartNumbers,_xlpm.stackedPartNumbers<>"",""))} | E3: {=_xlfn.LET(_xlpm.class441ProductNames,GetSheetProductNames(Class441Tracker,Class441Errors,'441 - Coffee & Cocktail'!G:G),_xlpm.shippingAndFulfillment__cartonsProductNames,GetSheetProductNames(shippingAndFulfillment__cartonsTracker,shippingAndFulfillment__cartonsErrors,'Additional Cartons'!Z:Z),_xlpm.propSixtyFive__chemicalsProductNames,GetSheetProductNames(propSixtyFive__chemicalsTracker,propSixtyFive__chemicalsErrors,'Additional Chemicals'!Z:Z),_xlpm.media__imagesProductNames,GetSheetProductNames(media__imagesTracker,media__imagesErrors,'Additional Images'!Z:Z),_xlpm.media__videosProductNames,GetSheetProductNames(media__videosTracker,media__videosErrors,'Additional Videos'!Z:Z),_xlpm.media__documentsProductNames,GetSheetProductNames(media__documentsTracker,media__documentsErrors,'Additional Documents'!Z:Z),_xlpm.stackedProductNames,_xlfn.VSTACK(_xlpm.class441ProductNames,_xlpm.shippingAndFulfillment__cartonsProductNames,_xlpm.propSixtyFive__chemicalsProductNames,_xlpm.media__imagesProductNames,_xlpm.media__videosProductNames,_xlpm.media__documentsProductNames),_xlfn._xlws.FILTER(_xlpm.stackedProductNames,_xlpm.stackedProductNames<>"EMPTY_ERROR",""))} | F3: {=_xlfn.LET(_xlpm.class441QuestionDisplayNames,GetErrorQuestionDisplayNames(Class441Headers,Class441Tracker,Class441Errors),_xlpm.shippingAndFulfillment__cartonsQuestionDisplayNames,GetErrorQuestionDisplayNames(shippingAndFulfillment__cartonsHeaders,shippingAndFulfillment__cartonsTracker,shippingAndFulfillment__cartonsErrors),_xlpm.propSixtyFive__chemicalsQuestionDisplayNames,GetErrorQuestionDisplayNames(propSixtyFive__chemicalsHeaders,propSixtyFive__chemicalsTracker,propSixtyFive__chemicalsErrors),_xlpm.media__imagesQuestionDisplayNames,GetErrorQuestionDisplayNames(media__imagesHeaders,media__imagesTracker,media__imagesErrors),_xlpm.media__videosQuestionDisplayNames,GetErrorQuestionDisplayNames(media__videosHeaders,media__videosTracker,media__videosErrors),_xlpm.media__documentsQuestionDisplayNames,GetErrorQuestionDisplayNames(media__documentsHeaders,media__documentsTracker,media__documentsErrors),_xlpm.stackedQuestionDisplayNames,_xlfn.VSTACK(_xlpm.class441QuestionDisplayNames,_xlpm.shippingAndFulfillment__cartonsQuestionDisplayNames,_xlpm.propSixtyFive__chemicalsQuestionDisplayNames,_xlpm.media__imagesQuestionDisplayNames,_xlpm.media__videosQuestionDisplayNames,_xlpm.media__documentsQuestionDisplayNames),_xlfn._xlws.FILTER(_xlpm.stackedQuestionDisplayNames,_xlpm.stackedQuestionDisplayNames<>"",""))} | G3: {=_xlfn.LET(_xlpm.class441ProvidedAnswers,GetFilteredProvidedAnswers(Class441Answers,Class441Errors,Class441Tracker),_xlpm.shippingAndFulfillment__cartonsProvidedAnswers,GetFilteredProvidedAnswers(shippingAndFulfillment__cartonsAnswers,shippingAndFulfillment__cartonsErrors,shippingAndFulfillment__cartonsTracker),_xlpm.propSixtyFive__chemicalsProvidedAnswers,GetFilteredProvidedAnswers(propSixtyFive__chemicalsAnswers,propSixtyFive__chemicalsErrors,propSixtyFive__chemicalsTracker),_xlpm.media__imagesProvidedAnswers,GetFilteredProvidedAnswers(media__imagesAnswers,media__imagesErrors,media__imagesTracker),_xlpm.media__videosProvidedAnswers,GetFilteredProvidedAnswers(media__videosAnswers,media__videosErrors,media__videosTracker),_xlpm.media__documentsProvidedAnswers,GetFilteredProvidedAnswers(media__documentsAnswers,media__documentsErrors,media__documentsTracker),_xlpm.stackedProvidedAnswers,_xlfn.VSTACK(_xlpm.class441ProvidedAnswers,_xlpm.shippingAndFulfillment__cartonsProvidedAnswers,_xlpm.propSixtyFive__chemicalsProvidedAnswers,_xlpm.media__imagesProvidedAnswers,_xlpm.media__videosProvidedAnswers,_xlpm.media__documentsProvidedAnswers),_xlfn._xlws.FILTER(_xlpm.stackedProvidedAnswers,_xlpm.stackedProvidedAnswers<>"EMPTY_ERROR",""))} | H3: {=_xlfn.LET(_xlpm.class441ErrorMessages,_xlfn._xlws.FILTER(_xlfn.TOCOL(Class441Errors),_xlfn.TOCOL((Class441Errors<>"")*(Class441Tracker<>"Valid")*(Class441Tracker<>"Disabled")),""),_xlpm.shippingAndFulfillment__cartonsErrorMessages,_xlfn._xlws.FILTER(_xlfn.TOCOL(shippingAndFulfillment__cartonsErrors),_xlfn.TOCOL((shippingAndFulfillment__cartonsErrors<>"")*(shippingAndFulfillment__cartonsTracker<>"Valid")*(shippingAndFulfillment__cartonsTracker<>"Disabled")),""),_xlpm.propSixtyFive__chemicalsErrorMessages,_xlfn._xlws.FILTER(_xlfn.TOCOL(propSixtyFive__chemicalsErrors),_xlfn.TOCOL((propSixtyFive__chemicalsErrors<>"")*(propSixtyFive__chemicalsTracker<>"Valid")*(propSixtyFive__chemicalsTracker<>"Disabled")),""),_xlpm.media__imagesErrorMessages,_xlfn._xlws.FILTER(_xlfn.TOCOL(media__imagesErrors),_xlfn.TOCOL((media__imagesErrors<>"")*(media__imagesTracker<>"Valid")*(media__imagesTracker<>"Disabled")),""),_xlpm.media__videosErrorMessages,_xlfn._xlws.FILTER(_xlfn.TOCOL(media__videosErrors),_xlfn.TOCOL((media__videosErrors<>"")*(media__videosTracker<>"Valid")*(media__videosTracker<>"Disabled")),""),_xlpm.media__documentsErrorMessages,_xlfn._xlws.FILTER(_xlfn.TOCOL(media__documentsErrors),_xlfn.TOCOL((media__documentsErrors<>"")*(media__documentsTracker<>"Valid")*(media__documentsTracker<>"Disabled")),""),_xlpm.stackedErrorMessages,_xlfn.VSTACK(_xlpm.class441ErrorMessages,_xlpm.shippingAndFulfillment__cartonsErrorMessages,_xlpm.propSixtyFive__chemicalsErrorMessages,_xlpm.media__imagesErrorMessages,_xlpm.media__videosErrorMessages,_xlpm.media__documentsErrorMessages),_xlpm.filteredMessages,_xlfn._xlws.FILTER(_xlpm.stackedErrorMessages,_xlpm.stackedErrorMessages<>"",""),IFERROR(_xlfn.TEXTAFTER(_xlpm.filteredMessages,":"),_xlpm.filteredMessages))} | J3: {=_xlfn.LET(_xlpm.class441Addresses,GetSheetLocationAddresses(Class441Tracker,Class441Errors),_xlpm.shippingAndFulfillment__cartonsAddresses,GetSheetLocationAddresses(shippingAndFulfillment__cartonsTracker,shippingAndFulfillment__cartonsErrors),_xlpm.propSixtyFive__chemicalsAddresses,GetSheetLocationAddresses(propSixtyFive__chemicalsTracker,propSixtyFive__chemicalsErrors),_xlpm.media__imagesAddresses,GetSheetLocationAddresses(media__imagesTracker,media__imagesErrors),_xlpm.media__videosAddresses,GetSheetLocationAddresses(media__videosTracker,media__videosErrors),_xlpm.media__documentsAddresses,GetSheetLocationAddresses(media__documentsTracker,media__documentsErrors),_xlpm.stackedAddresses,_xlfn.VSTACK(_xlpm.class441Addresses,_xlpm.shippingAndFulfillment__cartonsAddresses,_xlpm.propSixtyFive__chemicalsAddresses,_xlpm.media__imagesAddresses,_xlpm.media__videosAddresses,_xlpm.media__documentsAddresses),_xlfn._xlws.FILTER(_xlpm.stackedAddresses,_xlpm.stackedAddresses<>"",""))}
B4: =IF(AND(C4<>"",J4<>""),HYPERLINK("#'"&C4&"'!"&J4,J4),"")
B5: =IF(AND(C5<>"",J5<>""),HYPERLINK("#'"&C5&"'!"&J5,J5),"")
B6: =IF(AND(C6<>"",J6<>""),HYPERLINK("#'"&C6&"'!"&J6,J6),"")
B7: =IF(AND(C7<>"",J7<>""),HYPERLINK("#'"&C7&"'!"&J7,J7),"")
B8: =IF(AND(C8<>"",J8<>""),HYPERLINK("#'"&C8&"'!"&J8,J8),"")
B9: =IF(AND(C9<>"",J9<>""),HYPERLINK("#'"&C9&"'!"&J9,J9),"")
B10: =IF(AND(C10<>"",J10<>""),HYPERLINK("#'"&C10&"'!"&J10,J10),"")
B11: =IF(AND(C11<>"",J11<>""),HYPERLINK("#'"&C11&"'!"&J11,J11),"")
B12: =IF(AND(C12<>"",J12<>""),HYPERLINK("#'"&C12&"'!"&J12,J12),"")
B13: =IF(AND(C13<>"",J13<>""),HYPERLINK("#'"&C13&"'!"&J13,J13),"")
B14: =IF(AND(C14<>"",J14<>""),HYPERLINK("#'"&C14&"'!"&J14,J14),"")
B15: =IF(AND(C15<>"",J15<>""),HYPERLINK("#'"&C15&"'!"&J15,J15),"")
... B6002: =IF(AND(C6002<>"",J6002<>""),HYPERLINK("#'"&C6002&"'!"&J6002,J6002),"")

Sheet WAYFAIR_USE_ONLY
A1: {"brand_catalog_id": 1, "previous_upload_id": null, "template_type": "DEFAULT_QUESTIONS", "supplier_id": 459391, "template_context": "STANDARD", "app_version": "v2", "product_count": 0, "default_answers_included": true, "default_answers_supported": true, "use_legacy_excel_format": false, "include_variant_grouping": true, "download_template_request_id": "09cccb16-00fb-4964-b18e-71ac1de1146f", "sheet_metadata": null, "locale": null} | C1: =INFO("release")
C2: =INFO("system")
C3: {=IF(ISERROR(_xlfn.MAP(A8:A8,_xlfn.LAMBDA(_xlpm.class,_xlpm.class<>""))),"Not Available","Supported")}
A8: Carts & Stands | B8: Cocktail Table | C8: Yes | D8: Yes | E8: Yes | F8: Yes | G8: Yes | H8: Four Leg | I8: No | J8: No | K8: Yes | L8: Yes | M8: Yes | N8: No | O8: Yes | P8: No | Q8: Dovetail | R8: Yes | S8: Cell | T8: Lithium Metal | U8: 1 | V8: Stand alone | W8: Cells exceeding 5 grams | X8: Cells of between 20w/h and 60w/h | Y8: 2.5kg or less | Z8: Yes | AA8: Yes | AB8: Yes | AC8: Yes | AD8: Yes | AE8: Yes | AF8: Yes | AG8: Yes | AH8: Yes | AI8: Yes | AJ8: Yes | AK8: Yes | AL8: Yes | AM8: Yes | AN8: Yes | AO8: 1 | AP8: I | AQ8: >0 - ≤25ml | AR8: Yes | AS8: 1A | AT8: Yes | AU8: BIFMA Accredited | AV8: Yes | AW8: No Assembly Needed | AX8: 30 Days | AY8: Yes | AZ8: Yes | BA8: Full | BB8: DGpoco | BC8: US | BD8: Arabic | BE8: Yes | BF8: A-alpha-C (2-Amino-9H-pyrido[2,3-b]indole) | BG8: United States | BH8: Small Parcel | BI8: 50 | BJ8: 0 | BK8: 0 | BL8: Yes | BM8: Yes | BN8: Primary Variant | BO8: Size
A9: Multimedia Storage | B9: Coffee Table | C9: No | D9: No | E9: No | F9: No | G9: No | H9: Pedestal | I9: Yes | J9: Yes | K9: No | L9: No | M9: No | N9: Yes | O9: No | P9: Yes | Q9: Mortise and Tenon | R9: No | S9: Battery | T9: Lithium Ion / Lithium Polymer | U9: 2 | V9: Contained in product | W9: Batteries of 2 grams or less | X9: Cells exceeding 60w/h | Y9: 2.5kg to 5kg | Z9: No | AA9: No | AB9: No | AC9: No | AD9: No | AE9: No | AF9: No | AG9: No | AH9: No | AI9: No | AJ9: No | AK9: No | AL9: No | AM9: No | AN9: No | AO9: 2.2 | AP9: III | AQ9: >1L - ≤5L | AR9: No | AS9: 3A or 6A | AT9: No | AU9: BIFMA Equivalent | AV9: No | AW9: Minimal Assembly Needed | AX9: 60 Days | AY9: No | AZ9: No | BA9: Limited | BC9: UK | BD9: Bulgarian | BE9: No | BF9: Abiraterone acetate | BG9: Canada | BH9: LTL | BI9: 55 | BJ9: 24 | BK9: 24 | BL9: No | BM9: No | BN9: Non-Primary Variant | BO9: Color
A10: Speaker Stands | B10: Drum | C10: Unavailable | D10: Does Not Apply | F10: Unavailable | G10: Does Not Apply | H10: Three Leg | K10: Unavailable | L10: Does Not Apply | O10: Unavailable | P10: Unavailable | Q10: Rabbet Joint | R10: Unavailable | S10: Button Cell | T10: Nickel Cadmium | U10: 3 | V10: Packed with product | W10: Batteries of between 2 and 25 grams | X10: Cells of 20w/h or less | Y10: More than 10kg | Z10: Unavailable | AA10: Unavailable | AB10: Unavailable | AC10: Unavailable | AD10: Unavailable | AE10: Does Not Apply | AF10: Does Not Apply | AG10: Does Not Apply | AH10: Does Not Apply | AI10: Yes, Compliance Verified Program Member | AJ10: Does Not Apply | AK10: Unavailable | AN10: Does Not Apply | AO10: 2.1 | AP10: No Packing Group | AQ10: >0.5L - ≤1L | AS10: Does Not Apply | AT10: Does Not Apply | AU10: Contract Grade Accredited | AW10: Full Assembly Needed | AX10: 90 Days | AY10: Does Not Apply | BA10: Does Not Apply | BC10: EU | BD10: Czech (Czech Republic) | BF10: Acetaldehyde | BG10: Afghanistan | BI10: 60 | BJ10: 48 | BK10: 48 | BN10: Not Variant | BO10: Table Top Color
A11: TV Stands & Entertainment Centers | B11: Tray Top | H11: Trestle | O11: Does Not Apply | Q11: Basic Butt | R11: Does Not Apply | S11: Does Not Apply | T11: Nickel Metal Hydride | U11: 6 | V11: Does Not Apply | W11: Cells of 1gram or less | X11: Batteries exceeding 300w/h | Y11: 5kg to 10kg | AC11: Does Not Apply | AD11: Does Not Apply | AI11: Does Not Apply | AK11: Does Not Apply | AO11: 7 | AP11: II | AQ11: >0 - ≤100g | AU11: Unavailable | AW11: Does Not Apply | AX11: 6 Months | BC11: CA | BD11: Danish | BF11: Acetamide | BG11: Åland Islands | BI11: 65 | BJ11: 72 | BK11: 72 | BO11: Table Base Color
A12: Audio Towers | B12: Trunk | H12: Cross Legs | Q12: Biscuit Joint | T12: Alkaline | U12: 7 | W12: Cells of between 1 and 5 grams | X12: Batteries of between 100w/h and 300 w/h | Y12: Does Not Apply | AO12: 5.2 | AP12: Does Not Apply | AQ12: >100 - ≤500g | AU12: Does Not Apply | AX12: 1 Year | BD12: German | BF12: Acetazolamide | BG12: Albania | BI12: 70 | BJ12: 96 | BK12: 96 | BO12: Top Design
A13: Office Chairs | H13: Figurine | Q13: Tongue and Groove | T13: Carbon Zinc | U13: 5 | W13: Batteries exceeding 25 grams | X13: Batteries of 100w/h or less | AO13: 6.1 | AQ13: >500g - ≤1kg | AX13: 2 Years | BD13: Greek | BF13: Acetochlor | BG13: Algeria | BI13: 77.5 | BJ13: 120 | BK13: 120
A14: Beds | H14: Abstract | Q14: Pocket Joint | T14: Lead Acid (Spillable) | U14: 8 | W14: Does Not Apply | X14: Does Not Apply | AO14: 3 | AQ14: >125ml - ≤500ml | AX14: 3 Years | BD14: English (United Kingdom) | BF14: Acetohydroxamic acid | BG14: American Samoa | BI14: 85 | BJ14: 144
A15: Dressers & Chests | H15: Drum | Q15: Cam Bolt | T15: Lead Acid (Non-Spillable) | U15: 10 | AO15: 4.1 | AQ15: >25 - ≤125ml | AX15: 5 Years | BD15: English (United States) | BF15: 2-Acetylaminofluorene | BG15: Andorra | BI15: 92.5 | BJ15: 168
A16: Nightstands | H16: Six Leg | Q16: Dowel Joint | T16: Silver Oxide | U16: 4 | AO16: 4.3 | AQ16: >1kg - ≤5kg | AX16: 10 Years | BD16: Spanish | BF16: Acifluorfen sodium | BG16: Angola | BI16: 100 | BJ16: 192
A17: Armoires & Wardrobes | H17: Frame | Q17: Half-Lap | T17: Does Not Apply | U17: 9 | AO17: 4.2 | AQ17: >5L | AX17: 20 Years | BD17: Finnish | BF17: Acrylamide | BG17: Anguilla | BI17: 110 | BJ17: 216
A18: Daybeds & Guest Beds | H18: Block | Q18: Box | U18: Unavailable | AO18: 5.1 | AQ18: >5kg | AX18: 25 Years | BD18: French (Canada) | BF18: Acrylonitrile | BG18: Antarctica | BI18: 125 | BJ18: 240
A19: Headboards | H19: Wheel | Q19: Lap | U19: Does Not Apply | AO19: 2.3 | AQ19: Does Not Apply | AX19: Lifetime | BD19: Hungarian | BF19: Actinomycin D | BG19: Antigua and Barbuda | BI19: 150 | BJ19: 360
A20: Bedroom Sets | H20: Solid | Q20: Double Dowelled | AO20: 6.2 | AX20: 15 Years | BD20: Indonesian | BF20: AF-2;[2-(2-furyl)-3-(5-nitro-2-furyl)]acrylamide | BG20: Argentina | BI20: 175 | BJ20: 480
A21: Easels | H21: Sled | Q21: Bridle | AO21: 9 | AX21: 4 Years | BD21: Icelandic | BF21: Aflatoxins | BG21: Armenia | BI21: 200 | BJ21: 600
A22: Display Cases | H22: Floor Shelf | Q22: Halved | AO22: 8 | AX22: 18 Months | BD22: Italian | BF22: Alachlor | BG22: Aruba | BI22: 250 | BJ22: 720
A23: Lockers | H23: Unavailable | Q23: Corner Block Reinforced | AO23: Does Not Apply | AX23: 6 Years | BD23: Japanese | BF23: Alcoholic beverages, when associated with alcohol abuse | BG23: Australia | BI23: 300 | BJ23: 840
A24: Lecterns & Podiums | Q24: Miter | AX24: 7 Years | BD24: Korean | BF24: Aldrin | BG24: Austria | BI24: 400 | BJ24: 960
A25: Desks | Q25: Unavailable | AX25: 8 Years | BD25: Norwegian (Bokmål) | BF25: All-trans retinoic acid | BG25: Azerbaijan | BI25: 500
A26: Literature Racks | Q26: Does Not Apply | AX26: 9 Years | BD26: Dutch | BF26: Aloe Vera, non-decolorized whole leaf extract | BG26: Bahamas
A27: Filing Cabinets | AX27: 12 Years | BD27: Polish | BF27: Alprazolam | BG27: Bahrain
A28: Bookcases | AX28: 11 Years | BD28: Portuguese | BF28: Amantadine hydrochloride | BG28: Bangladesh
A29: Classroom Chairs | AX29: 13 Years | BD29: Romanian | BF29: Amikacin sulfate | BG29: Barbados
A30: Wall & Accent Mirrors | AX30: 14 Years | BD30: Russian | BF30: 2-Aminoanthraquinone | BG30: Belarus
A31: Office Stools | AX31: No Commercial Warranty | BD31: Slovak | BF31: p-Aminoazobenzene | BG31: Belgium
A32: Office Sets | AX32: Does Not Apply | BD32: Swedish | BF32: o-Aminoazotoluene | BG32: Belize
A33: Stackable & Nesting Chairs | BD33: Ukrainian | BF33: 4-Aminobiphenyl (4-aminodiphenyl) | BG33: Benin
A34: Futon Mattresses | BD34: Vietnamese | BF34: 1-Amino-2,4-dibromoanthraquinone | BG34: Bermuda
A35: Pot Racks | BD35: Chinese (S) | BF35: 3-Amino-9-ethylcarbazole hydrochloride | BG35: Bhutan
A36: Plant Stands & Tables | BD36: Chinese (T) | BF36: 2-Aminofluorene | BG36: Bolivia
A37: Accent Chairs | BF37: Aminoglutethimide | BG37: Bosnia and Herzegovina
A38: Kitchen Islands | BF38: Aminoglycosides | BG38: Botswana
A39: Baker's Racks | BF39: 1-Amino-2-methylanthraquinone | BG39: Bouvet Island
A40: Wine Racks | BF40: 2-Amino-5-(5-nitro-2-furyl)-1,3,4-thiadiazole | BG40: Brazil
A41: Bar Stools | BF41: 4-Amino-2-nitrophenol | BG41: British Indian Ocean Territory
A42: Mantel & Tabletop Clocks | BF42: Aminopterin | BG42: Brunei Darussalam
A43: Grandfather Clocks / Floor Clocks | BF43: Amiodarone hydrochloride | BG43: Bulgaria
A44: Conference Tables | BF44: Amitraz | BG44: Burkina Faso
A45: Folding Tables | BF45: Amitrole | BG45: Burundi
A46: Coat Racks and Hooks | BF46: Amoxapine | BG46: Cambodia
A47: Cafeteria Tables | BF47: Amsacrine | BG47: Cameroon
A48: Bars & Bar Sets | BF48: Analgesic mixtures containing Phenacetin | BG48: Cape Verde
... A254: Swing Sets & Playgrounds | BF254: Dibromoacetic acid | BG254: United States - APO/FPO/DPO
A255: Swing Set Accessories | BF255: Dibromoacetonitrile
A256: Toaster Ovens | BF256: 2,3-Dibromo-1-propanol
A257: Slides | BF257: Dichloroacetic acid
A258: Coffee Makers | BF258: p-Dichlorobenzene
A259: Indoor Gardening | BF259: 3,3'-Dichlorobenzidine
A260: Wine Refrigerators | BF260: 3,3'-Dichlorobenzidine dihydrochloride
A261: Microwaves | BF261: 1,1-Dichloro-2,2-bis(p-chloropheny)ethylene (DDE)
A262: Cabinet Organization | BF262: 1,4-Dichloro-2-butene
A263: Teeter-Totters & Seesaws | BF263: 3,3'-Dichloro-4,4'-diamino-diphenyl ether
A264: Sandboxes & Sand Toys | BF264: 1,1-Dichloroethane
A265: Commercial Playground Equipment | BF265: Dichloromethane (Methylene chloride)
A266: Indoor Chaise Lounges | BF266: Dichlorophene
... A850: Cold Plunges | BF850: Nickel hydroxide
BF851: Norethisterone (Norethindrone) /Mestranol
BF852: Anabolic steroids
BF853: Altretamine
BF854: Beryllium
BF855: Beryllium Oxide
BF856: Beryllium Sulfate
BF857: Hexachlorocyclohexane (alpha isomer)
BF858: Hexachlorocyclohexane (beta isomer)
BF859: Hexachlorocyclohexane (gamma isomer)
BF860: Cyanide salts that readily dissociate in solution (expressed as cyanide)
BF861: Hydrogen cyanide
BF862: Potassium cyanide
... BF908: Vismodegib

Sheet 441 - Coffee & Cocktail
B1: core::supplierPartNumber | C1: core::amazonStandardIdentificationNumber | D1: core::manufacturerId | E1: core::manufacturerPartNumber | F1: core::universalProductCode | G1: core::productName | H1: core::collectionName | I1: core::manufacturerProductUrl | J1: variantGrouping::variantType | K1: variantGrouping::groupReferenceId | L1: variantGrouping::variantGrouping | M1: variantGrouping::variantAttributeNameOnSite | N1: variantGrouping::variantGrouping | O1: variantGrouping::variantAttributeNameOnSite | P1: variantGrouping::variantGrouping | Q1: variantGrouping::variantAttributeNameOnSite | R1: price::wholesalePrice | S1: price::minimumAdvertizedPrice | T1: price::manufacturerSuggestedRetailPrice | U1: featureDescription::romanceCopy | V1: featureDescription::genericFeatures | W1: featureDescription::genericFeatures | X1: featureDescription::genericFeatures | Y1: featureDescription::genericFeatures | Z1: featureDescription::genericFeatures | AA1: shippingAndFulfillment::minimumOrderQuantity | AB1: shippingAndFulfillment::forceQuantityMultiplier | AC1: shippingAndFulfillment::displaySetQuantity | AD1: shippingAndFulfillment::productWeight | AE1: shippingAndFulfillment::shipType | AF1: shippingAndFulfillment::freightClass | AG1: shippingAndFulfillment::leadTime | AH1: shippingAndFulfillment::replacementLeadTime | AI1: shippingAndFulfillment::nationalMotorFreightClass | AJ1: shippingAndFulfillment::flatPack | AK1: shippingAndFulfillment::shipPalletized | AL1: shippingAndFulfillment::weight | AM1: shippingAndFulfillment::height | AN1: shippingAndFulfillment::width | AO1: shippingAndFulfillment::depth | AP1: propSixtyFive::warningRequired | AQ1: propSixtyFive::chemicalId | AR1: propSixtyFive::toxicity | AS1: propSixtyFive::countryOfManufacturer | AT1: media::imageValue | AU1: media::imageValue | AV1: media::imageValue | AW1: media::imageValue | AX1: media::imageValue | AY1: media::videoValue | AZ1: media::documentValue | BA1: media::documentType | BB1: media::legalDocumentType | BC1: media::regionType | BD1: media::language | BE1: media::documentValue | BF1: media::documentType | BG1: media::legalDocumentType | BH1: media::regionType | BI1: media::language | BJ1: media::documentValue | BK1: media::documentType | BL1: media::legalDocumentType | BM1: media::regionType | BN1: media::language | BO1: 10391 | BP1: 10402 | BQ1: 10393 | BR1: 378129 | BS1: 10394 | BT1: 10375 | BU1: 10376 | BV1: 222982 | BW1: 10415 | BX1: 10373 | BY1: 164011 | BZ1: 10377 | CA1: 10404 | CB1: 222981 | CC1: 10417 | CD1: 223537 | CE1: 237697 | CF1: 237702 | CG1: 10405 | CH1: 10407 | CI1: 10406 | CJ1: 239991 | CK1: 239994 | CL1: 239997 | CM1: 244560 | CN1: 292813 | CO1: 293475 | CP1: 293539 | CQ1: 344977 | CR1: 346776 | CS1: 351565 | CT1: 367216 | CU1: 351576 | CV1: 352302 | CW1: 352293 | CX1: 351606 | CY1: 370837 | CZ1: 371510 | DA1: 381749 | DB1: 185333 | DC1: 384836 | DD1: 387434 | DE1: 400761 | DF1: 400777 | DG1: 400839 | DH1: 237693 | DI1: 10429 | DJ1: 210003 | DK1: 201428 | DL1: 224756 | DM1: 224977 | DN1: 364800 | DO1: 210009 | DP1: 236265 | DQ1: 249356 | DR1: 251106 | DS1: 295667 | DT1: 339303 | DU1: 373909 | DV1: 340805 | DW1: 341053 | DX1: 369745 | DY1: 386031 | DZ1: 415236 | EA1: 421625 | EB1: 10433 | EC1: 10434 | ED1: 10435 | EE1: 10444 | EF1: 10445 | EG1: 222846 | EH1: 222849 | EI1: 228897 | EJ1: 333534 | EK1: 254150 | EL1: 255266 | EM1: 256050
B2: Basic Information | J2: Variants | R2: Pricing | U2: Marketing Information | AA2: Fulfillment Information | AL2: Carton Details | AP2: Compliance | AT2: Media | BO2: Attributes
B3: Required | C3: Additional | D3: Required | E3: Required | F3: Recommended | G3: Required | H3: Additional | I3: Additional | J3: Required | K3: Conditional | L3: Recommended | M3: Conditional | N3: Recommended | O3: Conditional | P3: Recommended | Q3: Conditional | R3: Required | S3: Additional | T3: Additional | U3: Conditional | V3: Conditional | W3: Conditional | X3: Conditional | Y3: Conditional | Z3: Conditional | AA3: Required | AB3: Required | AC3: Required | AD3: Required | AE3: Required | AF3: Conditional | AG3: Required | AH3: Required | AI3: Additional | AJ3: Additional | AK3: Additional | AL3: Required | AM3: Required | AN3: Required | AO3: Required | AP3: Required | AQ3: Conditional | AR3: Conditional | AS3: Required | AT3: Required | AU3: Additional | AV3: Additional | AW3: Additional | AX3: Additional | AY3: Additional | AZ3: Conditional | BA3: Conditional | BB3: Conditional | BC3: Conditional | BD3: Conditional | BE3: Conditional | BF3: Conditional | BG3: Conditional | BH3: Conditional | BI3: Conditional | BJ3: Conditional | BK3: Conditional | BL3: Conditional | BM3: Conditional | BN3: Conditional | BO3: Required | BP3: Recommended | BQ3: Required | BR3: Required | BS3: Required | BT3: Required | BU3: Required | BV3: Recommended | BW3: Required | BX3: Recommended | BY3: Recommended | BZ3: Recommended | CA3: Recommended | CB3: Recommended | CC3: Recommended | CD3: Required | CE3: Required | CF3: Required | CG3: Required | CH3: Required | CI3: Required | CJ3: Required | CK3: Recommended | CL3: Required | CM3: Additional | CN3: Recommended | CO3: Recommended | CP3: Recommended | CQ3: Additional | CR3: Additional | CS3: Additional | CT3: Additional | CU3: Additional | CV3: Additional | CW3: Additional | CX3: Additional | CY3: Recommended | CZ3: Recommended | DA3: Required | DB3: Recommended | DC3: Recommended | DD3: Recommended | DE3: Recommended | DF3: Recommended | DG3: Required | DH3: Required | DI3: Required | DJ3: Additional | DK3: Required | DL3: Required | DM3: Required | DN3: Required | DO3: Required | DP3: Required | DQ3: Required | DR3: Required | DS3: Required | DT3: Additional | DU3: Additional | DV3: Additional | DW3: Additional | DX3: Additional | DY3: Recommended | DZ3: Recommended | EA3: Recommended | EB3: Required | EC3: Required | ED3: Required | EE3: Recommended | EF3: Required | EG3: Required | EH3: Recommended | EI3: Required | EJ3: Recommended | EK3: Recommended | EL3: Recommended | EM3: Recommended
A4: Errors | B4: Supplier Part Number | C4: ASIN or Amazon Seller SKU | D4: Brand | E4: Manufacturer Part Number | F4: Universal Product Code | G4: Product Name | H4: Collection Name | I4: Manufacturer Product URL | J4: Variant Type | K4: Group Reference ID | L4: Variant Grouping 1 | M4: Variant Attribute Name On Site 1 | N4: Variant Grouping 2 | O4: Variant Attribute Name On Site 2 | P4: Variant Grouping 3 | Q4: Variant Attribute Name On Site 3 | R4: Base Cost | S4: Minimum Advertised Price | T4: Manufacturer Suggested Retail Price | U4: Marketing Copy | V4: Feature Bullet 1 | W4: Feature Bullet 2 | X4: Feature Bullet 3 | Y4: Feature Bullet 4 | Z4: Feature Bullet 5 | AA4: Minimum Order Quantity | AB4: Force Quantity Multiplier | AC4: Display Set Quantity | AD4: Product Weight | AE4: Ship Type | AF4: Freight Class | AG4: Lead Time | AH4: Replacement Lead Time | AI4: National Motor Freight Class | AJ4: Flat Pack | AK4: Ship Palletized | AL4: Carton Weight 1 | AM4: Carton Height 1 | AN4: Carton Width 1 | AO4: Carton Depth 1 | AP4: Warning Required | AQ4: Chemical 1 | AR4: Toxicity 1 | AS4: Country Of Manufacturer | AT4: Image File Name or URL 1 | AU4: Image File Name or URL 2 | AV4: Image File Name or URL 3 | AW4: Image File Name or URL 4 | AX4: Image File Name or URL 5 | AY4: Video File Name or URL 1 | AZ4: Document File Name or URL 1 | BA4: Document Type 1 | BB4: Legal Document Type 1 | BC4: Document Region 1 | BD4: Document Language 1 | BE4: Document File Name or URL 2 | BF4: Document Type 2 | BG4: Legal Document Type 2 | BH4: Document Region 2 | BI4: Document Language 2 | BJ4: Document File Name or URL 3 | BK4: Document Type 3 | BL4: Legal Document Type 3 | BM4: Document Region 3 | BN4: Document Language 3 | BO4: Product Type | BP4: Stool(s) Included | BQ4: Table Top Shape | BR4: Top Color | BS4: Coffee Table Lift Top | BT4: Top Material | BU4: Base Material | BV4: Natural Variation Type | BW4: Upholstered | BX4: Gloss Finish | BY4: Mirrored | BZ4: Table Base Type | CA4: Wheels / Casters Included | CB4: Purposeful Distressing Type | CC4: Weight Capacity | CD4: Supplier Intended and Approved Use | CE4: Plug-In | CF4: Storage Included | CG4: Shelves Included | CH4: Drawers Included | CI4: Cabinets Included | CJ4: Decal/Laminate Design | CK4: Removable Tray | CL4: Set Type | CM4: Country of Origin - Additional Details | CN4: Inlaid Detail | CO4: Main Wood Joinery Method | CP4: Kiln-Dried Wood | CQ4: Battery or Batteries Included | CR4: Battery Composition | CS4: Battery Type | CT4: Number of Batteries | CU4: Battery Shipment | CV4: Lithium Content | CW4: Watt Rating of Cells / Battery | CX4: Weight of Cells / Battery | CY4: Unfinished | CZ4: Leg Design | DA4: Base Color | DB4: Wood Species | DC4: Pieces Included | DD4: Scalloped Edges | DE4: Fluted Detailing | DF4: Ribbed Detailing | DG4: Durability | DH4: Number of Tables Included | DI4: General Certificate of Conformity (GCC) | DJ4: ADA Compliant | DK4: Composite Wood Product (CWP) | DL4: CARB Phase II Compliant (formaldehyde emissions) | DM4: TSCA Title VI Compliant (formaldehyde emissions) | DN4: CANFER Compliant | DO4: CAL TB 117-2013 Compliant | DP4: Uniform Packaging and Labeling Regulations (UPLR) Compliant | DQ4: Canada Product Restriction | DR4: Reason for Restriction | DS4: SOFFA Compliant | DT4: Hazardous Material / Dangerous Goods | DU4: UN or ID number | DV4: Hazard Class(es) | DW4: Packing Group | DX4: Hazardous Material Weight | DY4: ISTA Certified | DZ4: Sustainability & Social Responsibility Certifications (North America Only) | EA4: Commercial Certifications | EB4: Overall Height - Top to Bottom | EC4: Overall Width - Side to Side | ED4: Overall Depth - Front to Back | EE4: Overall Product Weight | EF4: Assembly Required | EG4: Level of Assembly | EH4: Additional Tools Required (Not Included) | EI4: Commercial Warranty | EJ4: Commercial Warranty Length | EK4: Product Warranty | EL4: Full or Limited Warranty | EM4: Warranty Length
A5: Displays the error status and message for the first error in the row, with a link to the corresponding cell. | B5: Must be less than 64 characters and must be a unique value (products cannot be added if they have the same part number as something you already have in your catalog). This is the supplier-specific value for the product as it appears on your Inventory Feed and Purchased Orders. | C5: The Amazon Standard Identification Number (ASIN) is a 10-character alphanumeric unique identifier assigned by Amazon.com and its partners for product identification within the Amazon organization. The Amazon Seller SKU is Amazon's identifier for your product that allows you to fulfill the product through Amazon shipping even when selling the product on other sites like Wayfair. | D5: Enter your product's brand (may be the same as the product's manufacturer). New brands must be created in the brand management tool in Partner Home before they can be selected here. | E5: Must be less than 64 characters and must be a unique value (products cannot be added if they have the same part number as something you already have in your catalog). This is the part number provided by the manufacturer. | F5: Must follow the standard UPC format and must be a unique value (products cannot be added if they have the same UPC as something you already have in your catalog). | G5: Please do not use abbreviations or exceed the 255 character limit. Wayfair may adjust the provided name based on marketing standards per class. | H5: If the product belongs to a collection of associated products that are not just product variances/options, enter the collection here. This can match with collections of products you already sell on site. For example, a collection may be a bed and nightstand that both follow a modern theme, but would not be a bed that comes in two separate colors. Products in a collection do not share the same listing on site. | I5: Enter the URL for the specific manufacturer product page of your product. | J5: Indicate whether this part number is a standalone product, primary variant (all required fields must be provided), or non-primary variant (data can be autofilled from primary variant). | K5: Provide an identifier to group your variants. This information will be used to create a listing. | L5: Common attribute to group products by. Select from dropdown or enter a custom value. | M5: Display name for variant attribute, if differs from corresponding Attribute answer. | N5: Common attribute to group products by. Select from dropdown or enter a custom value. | O5: Display name for variant attribute, if differs from corresponding Attribute answer. | P5: Common attribute to group products by. Select from dropdown or enter a custom value. | Q5: Display name for variant attribute, if differs from corresponding Attribute answer. | R5: Your supplier profile preference for currency is used to determine the currency of the base (wholesale) cost provided. | S5: The region selected for this sheet is used to determine the currency of the MAP provided. This may differ from the currency of your base cost. | T5: The region selected for this sheet is used to determine the currency of the MSRP provided. This may differ from the currency of your base cost. | U5: Please do not use special symbols (trademark, copyright, etc.) or extra lines/spacing. This should be a short, single paragraph product description in complete sentences highlighting details about key product information. | V5: 15 words or less, describing one aspect of the product, eg., Unique aspects, benefits, use cases, technology. These provide customers with key facts at first glance and help them to decide whether they want to make the purchase. If no marketing copy is provided, then at least 3 feature bullets must be provided. | W5: 15 words or less, describing one aspect of the product, eg., Unique aspects, benefits, use cases, technology. These provide customers with key facts at first glance and help them to decide whether they want to make the purchase. If no marketing copy is provided, then at least 3 feature bullets must be provided. | X5: 15 words or less, describing one aspect of the product, eg., Unique aspects, benefits, use cases, technology. These provide customers with key facts at first glance and help them to decide whether they want to make the purchase. If no marketing copy is provided, then at least 3 feature bullets must be provided. | Y5: 15 words or less, describing one aspect of the product, eg., Unique aspects, benefits, use cases, technology. These provide customers with key facts at first glance and help them to decide whether they want to make the purchase. If no marketing copy is provided, then at least 3 feature bullets must be provided. | Z5: 15 words or less, describing one aspect of the product, eg., Unique aspects, benefits, use cases, technology. These provide customers with key facts at first glance and help them to decide whether they want to make the purchase. If no marketing copy is provided, then at least 3 feature bullets must be provided. | AA5: The minimum count of items a customer must choose to purchase the product. | AB5: This represents how many items the customer must buy in increments of, or in addition to. For example, a multiplier of 2 would mean a custom must buy 1 quantity, 3 quantity, 5 quantity, or some other multiple of 2. | AC5: Number of items represented by the part number and wholesale price. For example, if you want to sell a bundle of pillows, and the part number and wholesale cost you provided represents that full bundle of pillows, then you would answer the Display Set Quantity question with how many pillows are in the bundle. | AD5: [Pounds] What is the total weight of this product once assembled? Please enter just the number (i.e. 45.5) without a unit of measurement. | AE5: Enter small parcel or LTL to indicate how the product can ship based on size and weight. | AF5: Each product falls into 1 of 18 classes determined by a product's 'transportability' and are crucial for calculating shipping cost. The field is required when ship type is LTL. | AG5: [Hours] This is the length of time from receipt of PO to shipment from the warehouse. | AH5: [Hours] This is length of time from receipt of a replacement PO to shipment from the warehouse | AI5: 5 to 7 digit number in length (depending on any sub classification) that will identify what is shipping in the box | AJ5: Also known as 'knocked down'. Select 'Yes' if this product ships disassembled in a flat pack box. | AK5: Select 'Yes' if this product ships on a pallet. | AL5: [Pounds] Enter in the shipping weight (i.e. 45.5) of the packaging used for the product. If the product ships in more than one box, this measurement is per box. | AM5: [Inches] Enter in the shipping height (i.e. 45.5) of the packaging used for the product. If the product ships in more than one box, this measurement is per box. | AN5: [Inches] Enter in the shipping width (i.e. 45.5) of the packaging used for the product. If the product ships in more than one box, this measurement is per box. | AO5: [Inches] Enter in the shipping depth (i.e. 45.5) of the packaging used for the product. If the product ships in more than one box, this measurement is per box. | AP5: If the product requires a warning for Proposition 65 compliance in California, answer 'Yes' and indicate which chemicals and toxicities are applicable. | AQ5: Select the chemical that requires the Prop65 warning. | AR5: Select the toxicity that can result from the selected chemical. | AS5: Provide only a single country of manufacture for each product. | AT5: Your first image will be set as the lead image for this listing, however, is subject to change upon Wayfair review. For each image uploaded, provide the file name with extension (e.g. PART_1.jpeg) or a direct public URL which leads to a single image (tip: to isolate the image, right click + select Open Image in New Tab). Elements like logos, buttons, etc will interfere with our ability to download the image. Do not exceed 20 images per product. | AU5: Your first image will be set as the lead image for this listing, however, is subject to change upon Wayfair review. For each image uploaded, provide the file name with extension (e.g. PART_1.jpeg) or a direct public URL which leads to a single image (tip: to isolate the image, right click + select Open Image in New Tab). Elements like logos, buttons, etc will interfere with our ability to download the image. Do not exceed 20 images per product. | AV5: Your first image will be set as the lead image for this listing, however, is subject to change upon Wayfair review. For each image uploaded, provide the file name with extension (e.g. PART_1.jpeg) or a direct public URL which leads to a single image (tip: to isolate the image, right click + select Open Image in New Tab). Elements like logos, buttons, etc will interfere with our ability to download the image. Do not exceed 20 images per product. | AW5: Your first image will be set as the lead image for this listing, however, is subject to change upon Wayfair review. For each image uploaded, provide the file name with extension (e.g. PART_1.jpeg) or a direct public URL which leads to a single image (tip: to isolate the image, right click + select Open Image in New Tab). Elements like logos, buttons, etc will interfere with our ability to download the image. Do not exceed 20 images per product. | AX5: Your first image will be set as the lead image for this listing, however, is subject to change upon Wayfair review. For each image uploaded, provide the file name with extension (e.g. PART_1.jpeg) or a direct public URL which leads to a single image (tip: to isolate the image, right click + select Open Image in New Tab). Elements like logos, buttons, etc will interfere with our ability to download the image. Do not exceed 20 images per product. | AY5: Provide the video’s file name with extension for separate uploads or a direct public URL. Do not exceed 10 videos per product. | AZ5: Provide the document’s file name with extension for separate uploads or a direct public URL. Do not exceed 10 documents per product. | BA5: Select one or more values from the provided list that best describe the document’s purpose. This classification helps customers easily find information like “Installation & Assembly” guides, “Warranty Information,” or “Specifications. | BB5: If the document serves as a legal notice or certification (e.g., “ASTM F2057 - 19,” “ANSI A117.1 Compliant”), select the specific type(s) from the provided list. This is used for compliance and to display certifications to customers. | BC5: Select the country or region where this document is legally applicable. This is crucial for compliance-related documents that may differ across locations. | BD5: Select the language in which the document is written. | BE5: Provide the document’s file name with extension for separate uploads or a direct public URL. Do not exceed 10 documents per product. | BF5: Select one or more values from the provided list that best describe the document’s purpose. This classification helps customers easily find information like “Installation & Assembly” guides, “Warranty Information,” or “Specifications. | BG5: If the document serves as a legal notice or certification (e.g., “ASTM F2057 - 19,” “ANSI A117.1 Compliant”), select the specific type(s) from the provided list. This is used for compliance and to display certifications to customers. | BH5: Select the country or region where this document is legally applicable. This is crucial for compliance-related documents that may differ across locations. | BI5: Select the language in which the document is written. | BJ5: Provide the document’s file name with extension for separate uploads or a direct public URL. Do not exceed 10 documents per product. | BK5: Select one or more values from the provided list that best describe the document’s purpose. This classification helps customers easily find information like “Installation & Assembly” guides, “Warranty Information,” or “Specifications. | BL5: If the document serves as a legal notice or certification (e.g., “ASTM F2057 - 19,” “ANSI A117.1 Compliant”), select the specific type(s) from the provided list. This is used for compliance and to display certifications to customers. | BM5: Select the country or region where this document is legally applicable. This is crucial for compliance-related documents that may differ across locations. | BN5: Select the language in which the document is written. | BO5: What type of product is this? | BP5: Does this product have a stool or stools included? | BQ5: What is the shape of the table? Please choose the closest match from the list. | BR5: What is the color or finish of the product? | BS5: Can the surface of the coffee table be lifted to a higher position? | BT5: What is the material used to construct the top of the product? | BU5: What material is used to construct the base of the product? | BV5: Which of the following types of natural variation and texture does the product have? Multiple can be selected if applicable. If the product does NOT have natural variation, please select No Natural Variation. | BW5: Select if this product is upholstered or comes with an upholstered component. (An upholstered item will have some sort of pad or filling material covered by fabric.) | BX5: Does this product have a shiny and sheer gloss finish over the normal painted finish? | BY5: Is the surface of the product mirrored? Please do not select “yes” if the product only features a mirror. This question refers to the surface material of the product, and if it is reflective. | BZ5: What type of base does this table have? If this product does not fit any of the listed options, please enter the correct information/value. | CA5: Does this product have wheels or casters? | CB5: What specific type of distressing does this product have? Select all that apply. | CC5: [Pounds] What is the maximum weight capacity of the product? Please enter just the number (i.e., 45.5). | CD5: What type of environmental setting was this product designed and manufactured to be used in? Note: your answer indicates that Wayfair is able to market this product as being intended for use in the selected setting(s). Please select both, if both options apply. | CE5: If this product requires electricity can it be plugged into a household outlet via an integral corded plug or an AC adapter? If this product does not require electricity or if this product requires electricity but does not/cannot use household AC voltages (with or without an AC adapter) please select "No". | CF5: Does this product include any storage elements such as shelves, drawers, cabinets or a hidden storage compartment? | CG5: Does this product include shelves? | CH5: Does this product have any drawers? | CI5: Does this product include cabinets? | CJ5: If the product is covered by decal or laminate, what material does that decal or laminate represent? | CK5: Is the tray removable? | CL5: What multiple separable pieces does this product include? | CM5: Does this product and/or packaging have additional advertising or labeling details regarding claims about the product’s origin? Please use this field to provide a qualified or unqualified claim regarding the product origin in accordance with US Federal Trade Commission (FTC) and Canada Competition Bureau regulations. Additionally, if applicable, please use this field to communicate any appropriate qualified, comparative, or descriptive claims regarding the origin of the product. Examples include, but are not limited to, communicating relevant percentage of domestic and non-domestic content (ex: 60% U.S. Content), communicating the origin of certain components of the product (ex: "Hand carved in U.S. — Wood from Philippines"), or communicating where the product was assembled (Ex : “Assembled In Mexico”). See https://www.ftc.gov/tips-advice/business-center/guidance/complying-made-usa-standard#qualified and https://www.competitionbureau.gc.ca/eic/site/cb-bc.nsf/eng/03169.html | CN5: Does this product have a decorative inlay or insert made of a different material than the rest of the product? | CO5: Which technique was used to join together the main pieces of wood to construct the overall product? | CP5: Is the wood kiln-dried? If product is not made of wood, please select "does not apply." | CQ5: Is the product a battery or does the product include batteries? | CR5: What is the composition of the batteries included with product? | CS5: What type is the battery? Button Cell, Cell, Battery? | CT5: Confirm number of batteries in this product | CU5: Do the cells/batteries ship stand alone/packed with the equipment/ contained (installed) in the equipment? | CV5: What is the aggregate lithium content of the cell/battery? Aggregate lithium content means the sum of the grams of lithium content contained by the cells comprising a battery. Please note, this is the weight weight of the lithium in the cell or battery, and not the weight of the entire cell or battery. | CW5: What is the Watt-hour(Wh) rating of the cell/battery? The Watt-hour rating of a lithium cell or battery is calculated by multiplying the rated capacity in ampere-hours by the nominal voltage. If only the milliampere-hours (mAh) are marked on the battery then divide that number by 1000 to get ampere-hours (Ah) (i.e. 4400 mAh / 1000 = 4.4. Ah). | CX5: What is the net weight of the cells or batteries that ship with the product in grams or kilograms. | CY5: Is this product unfinished (no paint, stain, or varnish)? | CZ5: What is the design of the legs? If this product does not fit any of the listed options, please enter the correct information/value. | DA5: What is the color of the base of this product? | DB5: What type of wood was used to construct this product? This describes the actual materials used, not the product's appearance. | DC5: What pieces are included with this product? | DD5: A product has scalloped edges if it contains curved, semicircular edges. | DE5: Is there a a concave pattern of parallel lines on a surface of this product? | DF5: Is there a a raised pattern of parallel lines on a surface of this product? | DG5: Which of the following durability features are applicable to this product? Please select all applicable options from the list. If none apply, please select "No Durability Features." | DH5: How many tables are included? | DI5: Does this product have a General Certificate of Conformity (GCC), as required by the U.S. CPSC for certain product classes? | DJ5: Is this product ADA (Americans with Disabilities Act) compliant? | DK5: FOR COMPLIANCE PURPOSES. Not customer facing information. Does this product include any pieces made of manufactured or composite wood products (CWP) This includes any of the following 1) HWPW-CC [Hardwood Plywood with Composite Core] 2) HWPW-VC [Hardwood Plywood with Veneer Core] 3) PB [Particleboard] 4) MDF or thin-MDF [Medium Density Fiberboard] | DL5: Is this product certified compliant for CARB ATCM Phase II formaldehyde emission standards from Composite Wood Products [California Air Resources Board (CARB)- Airborne Toxic Control Measures (ATCM) Phase II] | DM5: Is this product certified TSCA Title VI compliant regarding formaldehyde emissions from Composite Wood Products [Environmental Protection Agency (EPA)-Toxic Substance Control Act (TSCA)-Title VI] | DN5: Is this product CANFER compliant regarding formaldehyde emissions from composite wood products? [Canada Formaldehyde Emissions Regulation] NOTE: Please provide proof of certification to applicable formaldehyde emissions standards and a Declaration of Certification. More information on the Declaration of Certification and on other requirements for CANFER compliance can be found in Health Canada's Guidance Document (https://bit.ly/3FvYK2B) or by contacting any of our Product Compliance Resources (https://bit.ly/3h8EIlw). | DO5: Are this products components certified compliant with California Technical Bulletin: CAL TB 117-2013, the Flammability (Smolder) Standard for Upholstered Furniture Materials? | DP5: Does your product comply with the Uniform Packaging and Labeling Regulations, which requires product packaging to be accurate and provide adequate information as to the identity and quantity of its contents, as well as the name and address of the manufacturer and/or distributor? | DQ5: Is this product legally or operationally restricted from being offered for sale to Canadian customers on Wayfair.ca or delivered to Canadian addresses? Select “Yes” only if the product cannot legally be sold or shipped to Canada. For example, if it requires a license or certification you do not hold, or if you operate through a separate Canadian entity that cannot support the listing. | DR5: Please select the reason this product can not ship to Canada? Please select from the options or write in a reason if not selectable | DS5: Does this product meet the flammability standard for upholstered furniture set forth by Safer Occupancy Future Flammability Act (SOFFA)? Please note that SOFFA is incorporated into the COVID-19 Regulatory Relief and Work from Home Safety Act. | DT5: Is the product regulated as Hazardous Material / Dangerous Goods? Hazardous Materials/Dangerous Goods are substances that when transported pose a risk to health, safety, property or the environment. These materials may include explosives, compressed gases (aerosols), flammable liquids, oxidizers, toxic/poisonous, radioactive, corrosive, batteries, etc. An SDS is is a document that lists information relating to occupational safety and health for the use of various substances and products. The SDS includes information such as the properties of each chemical; the physical, health, and environmental health hazards; protective measures; and safety precautions for handling, storing, and transporting the chemical or product. | DU5: Please provide the UN or ID number. The UN or ID number is a 4 digit numeric code that identifies hazardous materials/dangerous goods, and articles in the framework of international and domestic transport. This can be found in section 14 of the Safety Data Sheet (SDS). Example - "UN3480" - Lithium Ion Batteries. If your UN number is not one of the options in the dropdown, please write this in manually. | DV5: Please provide the Hazard Class(es). This is the category of hazard assigned to a hazardous material/dangerous goods under the definitional criteria of the transportation regulations. A material may meet the defining criteria for more than one hazard class but is assigned to only one hazard class. Hazard classes vary from 1-9.This can be found in section 14 of the Safety Data Sheet (SDS). | DW5: Please provide the packing group (if applicable). Packing Groups I, II and III indicate the degree of danger presented by the material is great, medium or minor, respectively. Some hazardous materials/dangerous goods do not have a packing group assigned. This can be found in section 14 of the Safety Data Sheet (SDS). | DX5: Please provide the net weight or, for liquids, the net volume of hazardous material per unit of product. Provide the net weight of the hazardous materials/dangerous goods in your product in grams or kilograms. For example -if your product is a vacuum containing a lithium ion battery, you would enter the net weight of the battery. | DY5: Is the packaging for this SKU ISTA Certified (1A, 3A, 6A)? | DZ5: Do you have any certifications or credentials related to environmental sustainability, social responsibility, or ethical sourcing (e.g.,OEKO-TEX®, GREENGUARD, GoodWeave, Fair Trade, FSC, etc.)? To see examples of certificates currently part of our Shop Sustainably program, please visit: https://www.aboutwayfair.com/shop-sustainably. Please upload all related certificates so your products can be merchandised as part of the Shop Sustainably program. | EA5: For BIFMA Accredited products, suppliers must upload an ANSI/BIFMA durability-related testing document for the product from an ISO 17025 accredited lab. For BIFMA Equivalent products, suppliers must upload an ANSI/BIFMA durability-related testing document for the product, but the lab is not required to be ISO 17025 accredited. For Contract Grade Accredited products, suppliers must upload a testing document that aligns with Wayfair’s contract grade standards, along with a signed consent letter. Reference the Contract Grade help center article or reach out to your relationship manager for more information. | EB5: [Inches] What is the overall height of the product from top to bottom? Please enter just the number (e.g. 45.5). | EC5: [Inches] What is overall width of the product from side to side? Please enter just the number (e.g. 45.5). | ED5: [Inches] What is the overall depth of the product from front to back? Please enter just the number (e.g. 45.5). | EE5: [Pounds] What is the total weight of this product once assembled? If this product includes multiples of the same item, add weight of one individual unit (e.g. 1 Dining Chair in a set of 2). Please enter just the number (i.e. 45.5). | EF5: Does the product require any form of assembly prior to use as intended? | EG5: What is the level of assembly required? | EH5: What additional tools will the customer need to set-up this product that are NOT included with purchase? | EI5: Does the manufacturer warranty cover the use of this product in a commercial environment? | EJ5: How long does the manufacturer warranty apply for the product used in a commercial (non-residential) environment? If the correct value is not found, please select the closest available answer that is shorter than the warranty length. If warranty length varies by part, please select the answer that matches the part of the product with the shortest warranty. Please use the “Warranty Details” tag for any additional details. | EK5: Please indicate if there is a warranty on this product if it were to be used in a residential setting. | EL5: Please indicate if the warranty is Full or Limited. | EM5: Please indicate the length of the warranty offered from our list if this product were to be used in a residential setting. If the correct value is not found, please indicate both the number and unit (Days, Months, Years) that is appropriate.
A6: Read-Only | B6: Text | C6: Text | D6: Select | E6: Text | F6: Text | G6: Text | H6: Text | I6: Text | J6: Select | K6: Text | L6: Select | M6: Text | N6: Select | O6: Text | P6: Select | Q6: Text | R6: Number | S6: Number | T6: Number | U6: Text | V6: Text | W6: Text | X6: Text | Y6: Text | Z6: Text | AA6: Whole Number | AB6: Whole Number | AC6: Whole Number | AD6: Number | AE6: Select | AF6: Select | AG6: Select | AH6: Select | AI6: Text | AJ6: Yes or No | AK6: Yes or No | AL6: Number | AM6: Number | AN6: Number | AO6: Number | AP6: Yes or No | AQ6: Select | AR6: Please choose one or more from the following, using a semicolon (;) to separate each value: Cancer; Developmental | AS6: Select | AT6: Text | AU6: Text | AV6: Text | AW6: Text | AX6: Text | AY6: Text | AZ6: Text | BA6: Please choose one or more from the following, using a semicolon (;) to separate each value: Specifications; Installation & Assembly; Owner Manual; Delivery Information; Warranty Information; Certifications; Disclaimers; Buying Guides; Promotions; Dimensions; Marketing Materials; Energy Guide; Other; Product Information Sheet; Digital Law Label | BB6: Please choose one or more from the following, using a semicolon (;) to separate each value: AAFA Certified; AATCC 116 Grade; AATCC 16.1-2014 Grade; AATCC 16.3-2014 Grade; AATCC 8 Grade; AC Rated; ACT Flammability Guidelines Compliant; AHAM CADR Dust rating; AHAM CADR Pollen rating; AHAM CADR Smoke rating; AHMA Certified; AHMA Compliant; AHRI Certified; ANSI A117.1 Compliant; ANSI A137.1 Compliant; ANSI IT9.2 Compliant; ANSI Z1.5A/CGA 9.1M Certified; ANSI Z124.1.2 Compliant; ANSI Z124.3 Compliant; ANSI Z124.6-97 Compliant; ANSI Z21.11.2-2016 - Gas-Fired Unvented Room Heaters and Gas-Fired Unvented Decorative Room Heaters; ANSI Z21.50-2016/CSA 2.22-2016 - Standard for Vented Decorative Gas Appliances; ANSI Z21.60-2017/CSA 2.26-2017- Standard for Decorative Gas Appliances; ANSI Z21.84-2017 - Standard for Manually Lighted/ Natural Gas/ Decorative Gas Appliances; ANSI Z21.88-2017/CSA 2.33-2017- Standard for Vented Gas Fireplace Heaters; ANSI Z358 Compliant; ANSI/BHMA A156 Certified; ANSI/BIFMA M7.1 Standard Test Method for Determining VOC Emissions; ANSI/BIFMA X5.1 Office Seating; ANSI/BIFMA X5.11 Large Occupant Office Seating; ANSI/BIFMA X5.3 Vertical Files; ANSI/BIFMA X5.4 Lounge & Public Seating; ANSI/BIFMA X5.5 Desk Products; ANSI/BIFMA X5.6 Panel Systems; ANSI/BIFMA X5.9 Storage; ANSI/BIFMA X6.1 Educational Seating; ANSI/BIFMA X7.1 Standard for Formaldehyde & TVOC Emissions; ANSI/ESD S20.20 Certified; ANSI/NISO Z39.48 Compliant; ANSI/SOHO S6.5 Small Office/Home Office; APMA Certified; ASHRAE 62.2 Standard Compliant; ASME A112.18.1 Compliant; ASME A112.18.2 Compliant; ASME A112.19.1 Compliant; ASME A112.19.2 Compliant; ASME A112.19.3 Compliant; ASP:02:01 Certification; ASSE 1001 Certified; ASSE 1006 Certified; ASSE 1016 Certified; ASTM 1821-19; ASTM E1590-07 Compliant; ASTM F1004-19 Certified; ASTM F1148-17 Compliant; ASTM F1148-18 Compliant; ASTM F1148-18 Certified; ASTM F1169 - 13 Compliant; ASTM F1487-17 Compliant; ASTM F1821 - 16 Compliant; ASTM F1912-17 Compliant; ASTM F1917 - 12 Compliant; ASTM F2057 - 14; ASTM F2057 - 17; ASTM F2057 - 19 | BC6: Select | BD6: Select | BE6: Text | BF6: Please choose one or more from the following, using a semicolon (;) to separate each value: Specifications; Installation & Assembly; Owner Manual; Delivery Information; Warranty Information; Certifications; Disclaimers; Buying Guides; Promotions; Dimensions; Marketing Materials; Energy Guide; Other; Product Information Sheet; Digital Law Label | BG6: Please choose one or more from the following, using a semicolon (;) to separate each value: AAFA Certified; AATCC 116 Grade; AATCC 16.1-2014 Grade; AATCC 16.3-2014 Grade; AATCC 8 Grade; AC Rated; ACT Flammability Guidelines Compliant; AHAM CADR Dust rating; AHAM CADR Pollen rating; AHAM CADR Smoke rating; AHMA Certified; AHMA Compliant; AHRI Certified; ANSI A117.1 Compliant; ANSI A137.1 Compliant; ANSI IT9.2 Compliant; ANSI Z1.5A/CGA 9.1M Certified; ANSI Z124.1.2 Compliant; ANSI Z124.3 Compliant; ANSI Z124.6-97 Compliant; ANSI Z21.11.2-2016 - Gas-Fired Unvented Room Heaters and Gas-Fired Unvented Decorative Room Heaters; ANSI Z21.50-2016/CSA 2.22-2016 - Standard for Vented Decorative Gas Appliances; ANSI Z21.60-2017/CSA 2.26-2017- Standard for Decorative Gas Appliances; ANSI Z21.84-2017 - Standard for Manually Lighted/ Natural Gas/ Decorative Gas Appliances; ANSI Z21.88-2017/CSA 2.33-2017- Standard for Vented Gas Fireplace Heaters; ANSI Z358 Compliant; ANSI/BHMA A156 Certified; ANSI/BIFMA M7.1 Standard Test Method for Determining VOC Emissions; ANSI/BIFMA X5.1 Office Seating; ANSI/BIFMA X5.11 Large Occupant Office Seating; ANSI/BIFMA X5.3 Vertical Files; ANSI/BIFMA X5.4 Lounge & Public Seating; ANSI/BIFMA X5.5 Desk Products; ANSI/BIFMA X5.6 Panel Systems; ANSI/BIFMA X5.9 Storage; ANSI/BIFMA X6.1 Educational Seating; ANSI/BIFMA X7.1 Standard for Formaldehyde & TVOC Emissions; ANSI/ESD S20.20 Certified; ANSI/NISO Z39.48 Compliant; ANSI/SOHO S6.5 Small Office/Home Office; APMA Certified; ASHRAE 62.2 Standard Compliant; ASME A112.18.1 Compliant; ASME A112.18.2 Compliant; ASME A112.19.1 Compliant; ASME A112.19.2 Compliant; ASME A112.19.3 Compliant; ASP:02:01 Certification; ASSE 1001 Certified; ASSE 1006 Certified; ASSE 1016 Certified; ASTM 1821-19; ASTM E1590-07 Compliant; ASTM F1004-19 Certified; ASTM F1148-17 Compliant; ASTM F1148-18 Compliant; ASTM F1148-18 Certified; ASTM F1169 - 13 Compliant; ASTM F1487-17 Compliant; ASTM F1821 - 16 Compliant; ASTM F1912-17 Compliant; ASTM F1917 - 12 Compliant; ASTM F2057 - 14; ASTM F2057 - 17; ASTM F2057 - 19 | BH6: Select | BI6: Select | BJ6: Text | BK6: Please choose one or more from the following, using a semicolon (;) to separate each value: Specifications; Installation & Assembly; Owner Manual; Delivery Information; Warranty Information; Certifications; Disclaimers; Buying Guides; Promotions; Dimensions; Marketing Materials; Energy Guide; Other; Product Information Sheet; Digital Law Label | BL6: Please choose one or more from the following, using a semicolon (;) to separate each value: AAFA Certified; AATCC 116 Grade; AATCC 16.1-2014 Grade; AATCC 16.3-2014 Grade; AATCC 8 Grade; AC Rated; ACT Flammability Guidelines Compliant; AHAM CADR Dust rating; AHAM CADR Pollen rating; AHAM CADR Smoke rating; AHMA Certified; AHMA Compliant; AHRI Certified; ANSI A117.1 Compliant; ANSI A137.1 Compliant; ANSI IT9.2 Compliant; ANSI Z1.5A/CGA 9.1M Certified; ANSI Z124.1.2 Compliant; ANSI Z124.3 Compliant; ANSI Z124.6-97 Compliant; ANSI Z21.11.2-2016 - Gas-Fired Unvented Room Heaters and Gas-Fired Unvented Decorative Room Heaters; ANSI Z21.50-2016/CSA 2.22-2016 - Standard for Vented Decorative Gas Appliances; ANSI Z21.60-2017/CSA 2.26-2017- Standard for Decorative Gas Appliances; ANSI Z21.84-2017 - Standard for Manually Lighted/ Natural Gas/ Decorative Gas Appliances; ANSI Z21.88-2017/CSA 2.33-2017- Standard for Vented Gas Fireplace Heaters; ANSI Z358 Compliant; ANSI/BHMA A156 Certified; ANSI/BIFMA M7.1 Standard Test Method for Determining VOC Emissions; ANSI/BIFMA X5.1 Office Seating; ANSI/BIFMA X5.11 Large Occupant Office Seating; ANSI/BIFMA X5.3 Vertical Files; ANSI/BIFMA X5.4 Lounge & Public Seating; ANSI/BIFMA X5.5 Desk Products; ANSI/BIFMA X5.6 Panel Systems; ANSI/BIFMA X5.9 Storage; ANSI/BIFMA X6.1 Educational Seating; ANSI/BIFMA X7.1 Standard for Formaldehyde & TVOC Emissions; ANSI/ESD S20.20 Certified; ANSI/NISO Z39.48 Compliant; ANSI/SOHO S6.5 Small Office/Home Office; APMA Certified; ASHRAE 62.2 Standard Compliant; ASME A112.18.1 Compliant; ASME A112.18.2 Compliant; ASME A112.19.1 Compliant; ASME A112.19.2 Compliant; ASME A112.19.3 Compliant; ASP:02:01 Certification; ASSE 1001 Certified; ASSE 1006 Certified; ASSE 1016 Certified; ASTM 1821-19; ASTM E1590-07 Compliant; ASTM F1004-19 Certified; ASTM F1148-17 Compliant; ASTM F1148-18 Compliant; ASTM F1148-18 Certified; ASTM F1169 - 13 Compliant; ASTM F1487-17 Compliant; ASTM F1821 - 16 Compliant; ASTM F1912-17 Compliant; ASTM F1917 - 12 Compliant; ASTM F2057 - 14; ASTM F2057 - 17; ASTM F2057 - 19 | BM6: Select | BN6: Select | BO6: Select | BP6: Yes or No | BQ6: Please choose one or more from the following, using a semicolon (;) to separate each value: Round; Pentagonal; Wedge; Half Moon; Hexagonal; Octagonal; Oval; Rectangular; Semi-Circle; Trapezoidal; Circular; Square; Triangular; Specialty; Half-Round; Corner; Free Form; Unavailable | BR6: Please choose one or more from the following, using a semicolon (;) to separate each value: Stainless Steel; Antique Bronze; Antique Copper; Satin Brass; Blue; Pink; Brown; Teal; Purple; Matte Black; Gray Wood; White Wood; Antique Brass; Brushed Brass; Silver; Dark Brown Wood; White; Rose Gold; Red; Brushed Nickel; Satin Black; Beige; Black; Gray; Gold; Chrome; Yellow; Orange; Green; Satin; Tan; Navy; Polished Nickel; Oil Rubbed Bronze; Polished Chrome; Oak Wood; Medium Wood; Red Wood; Polished Brass; Clear; Brass; Espresso Wood; Cream; Satin Nickel; Bronze; Light Yellow Wood; Natural Wood; Nickel; Medium Yellow Wood; Brown Wood; Copper; Ivory; Beige Wood; Brushed Gold | BS6: Yes or No | BT6: Please choose one or more from the following, using a semicolon (;) to separate each value: Fossil Stone; Nickel; Leather; Wicker / Rattan; Faux Marble; Manufactured Wood; Steel; Wicker; Stainless Steel; Marble; Concrete; Granite; Stone; Aluminum; Solid + Manufactured Wood; Synthetic Laminate; Copper; Plastic / Stone; Plastic / Acrylic; Mirrored Glass; Tile; Solid Wood; Glass; Iron; Brass; Ceramic; Beveled Glass; Frosted Glass; Tempered Glass; Slate; Unavailable; Does Not Apply | BU6: Please choose one or more from the following, using a semicolon (;) to separate each value: Glass; Manufactured Wood; Solid + Manufactured Wood; Solid Wood; Aluminum; Steel; Iron; Laminate; Stainless Steel; Brass; Wicker/Rattan; Cast Iron; Resin; Stone; Concrete; Marble; Acrylic; Faux Concrete; Wrought Iron; Plastic / Acrylic; Faux Marble; Shell; Reclaimed Wood; Wicker; Rattan; Does Not Apply | BV6: Please choose one or more from the following, using a semicolon (;) to separate each value: No Natural Variation; Natural Wood Grain Color Variation; Weathered Steel; Wood Knots; Natural Stone Color Variation; Unavailable | BW6: Yes or No | BX6: Yes or No | BY6: Yes or No | BZ6: Select | CA6: Yes or No | CB6: Please choose one or more from the following, using a semicolon (;) to separate each value: Distressed Leather; Paint Distressing; Distressed Grain Accents; Coat/Paint Distressing; Wormholes; No Natural Variation; No Distressing; Distressed Metal; Worn/Fade; Wood Scoring & Rub Through; Unavailable | CC6: Number | CD6: Please choose one or more from the following, using a semicolon (;) to separate each value: Non Residential Use; Residential Use | CE6: Yes or No | CF6: Yes or No | CG6: Yes or No | CH6: Yes or No | CI6: Yes or No | CJ6: Please choose one or more from the following, using a semicolon (;) to separate each value: Traditional; Mosaic; Curved; Wood; Pent; Flat; No Decal/Laminate Design; Glass; Granite; Concrete; Marble; Stone; Unavailable; Does Not Apply | CK6: Yes or No | CL6: Please choose one or more from the following, using a semicolon (;) to separate each value: Single; Nesting Tables; Bunching Tables; Does Not Apply | CM6: Please choose one or more from the following, using a semicolon (;) to separate each value: Made in USA; Made in USA of Imported Materials; Product of Canada; Made In Canada; Does Not Apply | CN6: Yes or No | CO6: Select | CP6: Yes or No | CQ6: Yes or No | CR6: Select | CS6: Select | CT6: Select | CU6: Select | CV6: Select | CW6: Select | CX6: Select | CY6: Yes or No | CZ6: Please choose one or more from the following, using a semicolon (;) to separate each value: Bun Feet; Fluted; Cabriole Legs; Straight legs; Ball Feet; Queen Ann; Scroll; Sled; Squared Legs; Turned Legs; Block Feet; X-leg; Solid; Bracket Legs; Unavailable; Does Not Apply | DA6: Please choose one or more from the following, using a semicolon (;) to separate each value: Black; Clear; Gold; Navy; Gray; Green; Purple; Teal; Brown; Orange; Yellow; Blue; Beige; Red; Silver; White; Ivory; Tan; Cream; Pink; Does Not Apply | DB6: Please choose one or more from the following, using a semicolon (;) to separate each value: Acacia; Alder; Ash; Bamboo; Beech; Birch; Camphor; Cedar; Cherry; Elm; Eucalyptus; Fir; Hickory; Mahogany; Mango; Maple; Oak; Pine; Poplar; Rosewood; Rubberwood; Sheesham; Spruce; Teak; Walnut; Wenge; Pecan; Shorea; Paulownia; Chestnut; Hemlock; Aspen; Mindi; Ipe; Olive; Ajo; Agarwood; Afzelia; Afrormosia; Bubinga; Brazilwood; Cumaru; Cedar, Mulanje; Cedar, Spanish; Aloewood; Lignum vitae; Mahogany, African; Mahogany, Mexican; Padauk, African; Macacauba; Ebony, Madagascar; Lignum vitae, Argentine; Gavilan; Mahogany, Honduran; Mahogany, Cuban; Stinkwood, red; Yew, Chinese; Pau rosa, Brazilian; Sandalwood, East African; Ramin; Zitan; Yew, Himalayan; Yew, Japanese; Rosewood, Siamese; Yew, Taiwan; Burlwood; Platane Wood; Sungkai; Does Not Apply | DC6: Please choose one or more from the following, using a semicolon (;) to separate each value: Bar Cart; Bar Table; Basket; Chair; Cocktail Table; Coffee Table; Drawers; End Table; Foot Stools; Furniture Pads; Glass Tabletop; Instruction Manual; Light; Nesting Tables; Ottoman / Footrest; Side Table; Stool; Storage Benches; Table Base; Unavailable; Does Not Apply | DD6: Yes or No | DE6: Yes or No | DF6: Yes or No | DG6: Please choose one or more from the following, using a semicolon (;) to separate each value: No Durability Features; Stain Resistant; Scratch Resistant; Does Not Apply | DH6: Whole Number | DI6: Select | DJ6: Yes or No | DK6: Yes or No | DL6: Select | DM6: Select | DN6: Select | DO6: Select | DP6: Select | DQ6: Yes or No | DR6: Please choose one or more from the following, using a semicolon (;) to separate each value: Dual Language; Distribution Conflict; Logistics; Does Not Apply | DS6: Yes or No | DT6: Yes or No | DU6: Please choose one or more from the following, using a semicolon (;) to separate each value: UN3091; UN3481; UN2800; UN1950; UN3496; ID8000; UN1013; UN3082; UN3077; UN3480; UN2857; UN3358; UN3090; UN1266; UN1993; UN1944; UN1070; UN1044; UN3163; UN1268; UN1760; UN1011; UN2794; UN1759; UN3171; UN1987; UN1263; UN1170; UN3265; UN3260; UN3215; UN1006; UN3175; UN1219; UN1325; Does Not Apply | DV6: Select | DW6: Select | DX6: Select | DY6: Select | DZ6: Yes or No | EA6: Select | EB6: Number | EC6: Number | ED6: Number | EE6: Number | EF6: Yes or No | EG6: Select | EH6: Please choose one or more from the following, using a semicolon (;) to separate each value: All Tools Included; Tool Free Assembly; Screwdriver; Allen Wrench; Adjustable Wrench; Socket Wrench; Power Drill; Hammer; Pliers; Ratchet; Utility Saw; Saw; Measuring Tape; Mallet; Level; Box Cutter; Caulk / Adhesive; Anchors / Stakes; Clamps; Drill Bit; Gloves; Hex Key; Glass Cutter; Chop Saw; Circular Saw; Phillips Head Screwdriver; Crescent Wrench; Flat Screwdriver; Adhesive Roller / Tray; Shovel; Drill; Smoother / Squeegee; Ladder; Wire Stripper; Razor Knife; Pencil; Electric Drill; Screw Gun; Scissors; Ruler; Safety Glasses; Utility Knife; Rope; Ear Protection; Stud Finder; Wrench; Tape Measure; Screws; Wire Cap; Hammer / Mallet; Chalk Line; Landscaping Fabric; No Tools Needed; Tile Cutter; Straight Edge; Silicone; Wet Saw; Torx Bit; Unavailable; Does Not Apply | EI6: Yes or No | EJ6: Select | EK6: Yes or No | EL6: Select | EM6: Please choose one or more from the following, using a semicolon (;) to separate each value: 30 Days; 60 Days; 90 Days; 6 Months; 1 Year; 2 Years; 3 Years; 5 Years; 10 Years; 20 Years; 25 Years; Lifetime; Warranty length varies by part; 15 Years; 18 Months; 12 Years; 6 Years; 4 Years; 8 Years; 7 Years; Does Not Apply
B7: Default Row: | C7: N/A | E7: N/A | F7: N/A | G7: N/A | I7: N/A | J7: N/A | K7: N/A | L7: N/A | M7: N/A | N7: N/A | O7: N/A | P7: N/A | Q7: N/A | R7: N/A | AT7: N/A | AU7: N/A | AV7: N/A | AW7: N/A | AX7: N/A | AY7: N/A
A8: =IF('441 - Coffee & Cocktail'!B8="","",IF('441 - Coffee & Cocktail-WUO_ERR'!A8="","Validated",HYPERLINK("#"&ADDRESS(8,'441 - Coffee & Cocktail-WUO_TRK'!A8),_xlfn.TEXTAFTER('441 - Coffee & Cocktail-WUO_ERR'!A8,":")))) | B8: coffee table nature-01 | C8: coffee table nature | D8: DGpoco | E8: Dgpoco coffee table 02 | F8: 704505995860 | G8: Lift Top Coffee Table With Large Storage, Lift Up Converts To Dining Table, Pop Up Coffee Table With Japanese Fluted, Oval Wood Center Table For Living Room, Fully Assembled Space-Saving For Eating & Laptops | J8: Not Variant | R8: 155 | U8: Low-level furniture creates a warm and intimate atmosphere that encourages relaxation and informal socializing or family time, making it ideal for tea, conversation, and activities with children. It saves space, is easy to move, and requires no room for chairs. Sitting on the floor without back support engages your core muscles, helping to improve posture, while also offering a comfortable position for leisure activities such as reading, drawing, or playing board games. | V8: 3-in-1 Lift Top Coffee Table：Raise the top to create a standing-height workspace—perfect for pairing with low stools or sofas while catching up on shows. Lower it for a traditional coffee table that works with 6–10 inch floor cushions or poufs, ideal for tea, casual meals, or helping kids with homework. Need a dining table? Lift it all the way to 39.4 inches and comfortably seat four for dinner or laptop work. This 3-in-1 design combines a center table, desk, and dining table to save space and money—perfect for studios, apartments, dorms, or families of four. | W8: Fluted Wood Coffee Table with Hidden Storage：Lift the top to reveal three roomy compartments—enough to hold 30–60 laptops, or a few blankets plus toys. The open layout means everything is instantly accessible (no digging required). Twin-reinforced legs support 50% more weight than typical curved coffee tables, while the drawer-free design distributes weight evenly for smooth, wobble-free lifting. Finished in rustic walnut or natural wood, it’s as sturdy as it is stylish. | X8: Space-Saving Oval Coffee Table – Perfect for Small Spaces：Rated for 200 lbs on the tabletop and 66 lbs when lifted, this 39.4" x 19.7" oval coffee table easily fits two laptops for a dual workspace. Its oval shape saves 30% more floor space than rectangular tables and visually opens up a room by 18%. The warm walnut and natural wood tones help calm visual clutter in spaces under 15㎡—ideal for cozy living rooms or studio apartments. | Y8: 5-Minute Assembly & Child-Safe Design：Setup is a breeze—just attach the two legs in about five minutes. Rounded corners reduce bump injuries by 83%, and the smooth surface wipes clean with a dry cloth. To move it, simply lift (never drag). The professional-grade A3 metal gas spring is tested for 20,000 lifts (that’s 10+ years of use), operates silently below 50dB, and features a 7mm anti-pinch gap to keep little fingers safe. | AA8: 1 | AB8: 1 | AC8: 1 | AD8: 66 | AE8: Small Parcel | AG8: 48 | AH8: 48 | AJ8: Yes | AL8: 66 | AM8: 10 | AN8: 21 | AO8: 1 | AP8: No | AS8: China | AT8: https://i.ibb.co/VYq72gtQ/1.png | AU8: https://i.ibb.co/WWq8LHJ9/image.jpg | AV8: https://i.ibb.co/99KtyqTL/image.jpg | AW8: https://i.ibb.co/gMFh1FLw/image.jpg | AX8: https://i.ibb.co/mr9SkgFM/image.jpg | BO8: Coffee Table | BQ8: oval | BR8: nature wood | BS8: Yes | BT8: MDF | BU8: MDF | BW8: Yes | CD8: Residential Use | CE8: No | CF8: Yes | CG8: Yes | CH8: No | CI8: Yes | CJ8: MDF | CK8: Yes | CL8: Single | CQ8: No | CR8: Does Not Apply | CS8: Does Not Apply | CT8: Does Not Apply | CU8: Does Not Apply | CV8: Does Not Apply | CW8: Does Not Apply | CX8: Does Not Apply | DA8: nature wood | DG8: Stain Resistant;Scratch Resistant | DH8: 1 | DI8: Yes | DK8: Yes | DL8: Yes | DM8: Yes | DN8: Yes | DO8: Yes | DP8: Yes | DQ8: Yes | DR8: Does Not Apply | DS8: No | DT8: No | DU8: Does Not Apply | DV8: Does Not Apply | DW8: Does Not Apply | DX8: Does Not Apply | EB8: 21.7 | EC8: 39 | ED8: 19 | EE8: 66 | EF8: Yes | EG8: Minimal Assembly Needed | EI8: Yes | EJ8: 1 Year | EK8: Yes
A9: =IF('441 - Coffee & Cocktail'!B9="","",IF('441 - Coffee & Cocktail-WUO_ERR'!A9="","Validated",HYPERLINK("#"&ADDRESS(9,'441 - Coffee & Cocktail-WUO_TRK'!A9),_xlfn.TEXTAFTER('441 - Coffee & Cocktail-WUO_ERR'!A9,":")))) | B9: coffee table kaqi-01 | C9: coffee table kaqi | D9: DGpoco | E9: Dgpoco coffee table 03 | F9: 704505995853 | G9: Lift Top Coffee Table With Large Storage, Lift Up Converts To Dining Table, Pop Up Coffee Table With Japanese Fluted, Oval Wood Center Table For Living Room, Fully Assembled Space-Saving For Eating & Laptops | J9: Not Variant | R9: 155 | U9: Low-level furniture creates a warm and intimate atmosphere that encourages relaxation and informal socializing or family time, making it ideal for tea, conversation, and activities with children. It saves space, is easy to move, and requires no room for chairs. Sitting on the floor without back support engages your core muscles, helping to improve posture, while also offering a comfortable position for leisure activities such as reading, drawing, or playing board games. | V9: 3-in-1 Lift Top Coffee Table：Raise the top to create a standing-height workspace—perfect for pairing with low stools or sofas while catching up on shows. Lower it for a traditional coffee table that works with 6–10 inch floor cushions or poufs, ideal for tea, casual meals, or helping kids with homework. Need a dining table? Lift it all the way to 39.4 inches and comfortably seat four for dinner or laptop work. This 3-in-1 design combines a center table, desk, and dining table to save space and money—perfect for studios, apartments, dorms, or families of four. | W9: Fluted Wood Coffee Table with Hidden Storage：Lift the top to reveal three roomy compartments—enough to hold 30–60 laptops, or a few blankets plus toys. The open layout means everything is instantly accessible (no digging required). Twin-reinforced legs support 50% more weight than typical curved coffee tables, while the drawer-free design distributes weight evenly for smooth, wobble-free lifting. Finished in rustic walnut or natural wood, it’s as sturdy as it is stylish. | X9: Space-Saving Oval Coffee Table – Perfect for Small Spaces：Rated for 200 lbs on the tabletop and 66 lbs when lifted, this 39.4" x 19.7" oval coffee table easily fits two laptops for a dual workspace. Its oval shape saves 30% more floor space than rectangular tables and visually opens up a room by 18%. The warm walnut and natural wood tones help calm visual clutter in spaces under 15㎡—ideal for cozy living rooms or studio apartments. | Y9: 5-Minute Assembly & Child-Safe Design：Setup is a breeze—just attach the two legs in about five minutes. Rounded corners reduce bump injuries by 83%, and the smooth surface wipes clean with a dry cloth. To move it, simply lift (never drag). The professional-grade A3 metal gas spring is tested for 20,000 lifts (that’s 10+ years of use), operates silently below 50dB, and features a 7mm anti-pinch gap to keep little fingers safe. | Z9: Healthy Materials & 24/7 Support：Made with an E1-certified core that cuts formaldehyde by 70%, plus a cold-pressed, lacquer-free surface that’s scratch-proof, waterproof, and heat-resistant (safe for 100°C coffee cups). Moisture expansion is just 0.03% at 80% humidity—four times better than standard coffee tables (0.12%). Backed by 24/7 customer support (yes, we reply to 3 a.m. messages by sunrise)。 | AA9: 1 | AB9: 1 | AC9: 1 | AD9: 66 | AE9: Small Parcel | AG9: 48 | AH9: 48 | AL9: 66 | AM9: 10 | AN9: 21 | AO9: 1 | AP9: No | AS9: China | AT9: https://i.ibb.co/nNJL3Qpk/kaqiseddq-SS414.png | AU9: https://i.ibb.co/0jQH57pM/image.png | AV9: https://i.ibb.co/35c0bbjD/image.png | AW9: https://i.ibb.co/C3WJ4wBj/2.png | BO9: Coffee Table | BQ9: oval | BR9: khaki gray | BS9: Yes | BT9: MDF | BU9: MDF | BW9: Yes | CD9: Residential Use | CE9: No | CF9: Yes | CG9: Yes | CH9: No | CI9: Yes | CJ9: MDF | CK9: Yes | CL9: Single | CQ9: No | CR9: Does Not Apply | CS9: Does Not Apply | CT9: Does Not Apply | CU9: Does Not Apply | CV9: Does Not Apply | CW9: Does Not Apply | CX9: Does Not Apply | DA9: khaki gray | DG9: Stain Resistant;Scratch Resistant | DH9: 1 | DI9: Yes | DK9: Yes | DL9: Yes | DM9: Yes | DN9: Yes | DO9: Yes | DP9: Yes | DQ9: Yes | DR9: Does Not Apply | DS9: No | DT9: No | DU9: Does Not Apply | DV9: Does Not Apply | DW9: Does Not Apply | DX9: Does Not Apply | EB9: 21.7 | EC9: 39 | ED9: 19 | EE9: 66 | EF9: Yes | EG9: Full Assembly Needed | EI9: Yes | EJ9: 1 Year | EK9: Yes
A10: =IF('441 - Coffee & Cocktail'!B10="","",IF('441 - Coffee & Cocktail-WUO_ERR'!A10="","Validated",HYPERLINK("#"&ADDRESS(10,'441 - Coffee & Cocktail-WUO_TRK'!A10),_xlfn.TEXTAFTER('441 - Coffee & Cocktail-WUO_ERR'!A10,":")))) | B10: coffee table brown-01 | C10: coffee table brown | D10: DGpoco | E10: Dgpoco coffee table 04 | F10: 704505995846 | G10: Lift Top Coffee Table With Large Storage, Lift Up Converts To Dining Table, Pop Up Coffee Table With Japanese Fluted, Oval Wood Center Table For Living Room, Fully Assembled Space-Saving For Eating & Laptops | J10: Not Variant | R10: 155 | U10: Low-level furniture creates a warm and intimate atmosphere that encourages relaxation and informal socializing or family time, making it ideal for tea, conversation, and activities with children. It saves space, is easy to move, and requires no room for chairs. Sitting on the floor without back support engages your core muscles, helping to improve posture, while also offering a comfortable position for leisure activities such as reading, drawing, or playing board games. | V10: 3-in-1 Lift Top Coffee Table：Raise the top to create a standing-height workspace—perfect for pairing with low stools or sofas while catching up on shows. Lower it for a traditional coffee table that works with 6–10 inch floor cushions or poufs, ideal for tea, casual meals, or helping kids with homework. Need a dining table? Lift it all the way to 39.4 inches and comfortably seat four for dinner or laptop work. This 3-in-1 design combines a center table, desk, and dining table to save space and money—perfect for studios, apartments, dorms, or families of four. | W10: Fluted Wood Coffee Table with Hidden Storage：Lift the top to reveal three roomy compartments—enough to hold 30–60 laptops, or a few blankets plus toys. The open layout means everything is instantly accessible (no digging required). Twin-reinforced legs support 50% more weight than typical curved coffee tables, while the drawer-free design distributes weight evenly for smooth, wobble-free lifting. Finished in rustic walnut or natural wood, it’s as sturdy as it is stylish. | X10: Space-Saving Oval Coffee Table – Perfect for Small Spaces：Rated for 200 lbs on the tabletop and 66 lbs when lifted, this 39.4" x 19.7" oval coffee table easily fits two laptops for a dual workspace. Its oval shape saves 30% more floor space than rectangular tables and visually opens up a room by 18%. The warm walnut and natural wood tones help calm visual clutter in spaces under 15㎡—ideal for cozy living rooms or studio apartments. | Y10: 5-Minute Assembly & Child-Safe Design：Setup is a breeze—just attach the two legs in about five minutes. Rounded corners reduce bump injuries by 83%, and the smooth surface wipes clean with a dry cloth. To move it, simply lift (never drag). The professional-grade A3 metal gas spring is tested for 20,000 lifts (that’s 10+ years of use), operates silently below 50dB, and features a 7mm anti-pinch gap to keep little fingers safe. | AA10: 1 | AB10: 1 | AC10: 1 | AD10: 66 | AE10: Small Parcel | AG10: 48 | AH10: 48 | AL10: 66 | AM10: 10 | AN10: 21 | AO10: 1 | AP10: No | AS10: China | AT10: https://i.ibb.co/VcSMDSXn/coffee-table-brown.png | AU10: https://i.ibb.co/SXnVJT1Y/image.jpg | AV10: https://i.ibb.co/7BpxndN/image.jpg | AW10: https://i.ibb.co/39kTDsTd/image.png | AX10: https://i.ibb.co/99KtyqTL/image.jpg | BO10: Coffee Table | BQ10: oval | BR10: walnut | BS10: Yes | BT10: MDF | BU10: MDF | BW10: Yes | CD10: Residential Use | CE10: No | CF10: Yes | CG10: Yes | CH10: No | CI10: Yes | CJ10: MDF | CK10: Yes | CL10: Single | CQ10: No | CR10: Does Not Apply | CS10: Does Not Apply | CT10: Does Not Apply | CU10: Does Not Apply | CV10: Does Not Apply | CW10: Does Not Apply | CX10: Does Not Apply | DA10: walnut | DG10: Stain Resistant;Scratch Resistant | DH10: 1 | DI10: Yes | DK10: Yes | DL10: Yes | DM10: Yes | DN10: Yes | DO10: Yes | DP10: Yes | DQ10: Yes | DR10: Does Not Apply | DS10: No | DT10: No | DU10: Does Not Apply | DV10: Does Not Apply | DW10: Does Not Apply | DX10: Does Not Apply | EB10: 21.7 | EC10: 39 | ED10: 19 | EE10: 66 | EF10: Yes | EG10: Minimal Assembly Needed | EI10: Yes | EJ10: 1 Year | EK10: Yes
A11: =IF('441 - Coffee & Cocktail'!B11="","",IF('441 - Coffee & Cocktail-WUO_ERR'!A11="","Validated",HYPERLINK("#"&ADDRESS(11,'441 - Coffee & Cocktail-WUO_TRK'!A11),_xlfn.TEXTAFTER('441 - Coffee & Cocktail-WUO_ERR'!A11,":"))))
A12: =IF('441 - Coffee & Cocktail'!B12="","",IF('441 - Coffee & Cocktail-WUO_ERR'!A12="","Validated",HYPERLINK("#"&ADDRESS(12,'441 - Coffee & Cocktail-WUO_TRK'!A12),_xlfn.TEXTAFTER('441 - Coffee & Cocktail-WUO_ERR'!A12,":"))))
A13: =IF('441 - Coffee & Cocktail'!B13="","",IF('441 - Coffee & Cocktail-WUO_ERR'!A13="","Validated",HYPERLINK("#"&ADDRESS(13,'441 - Coffee & Cocktail-WUO_TRK'!A13),_xlfn.TEXTAFTER('441 - Coffee & Cocktail-WUO_ERR'!A13,":"))))
A14: =IF('441 - Coffee & Cocktail'!B14="","",IF('441 - Coffee & Cocktail-WUO_ERR'!A14="","Validated",HYPERLINK("#"&ADDRESS(14,'441 - Coffee & Cocktail-WUO_TRK'!A14),_xlfn.TEXTAFTER('441 - Coffee & Cocktail-WUO_ERR'!A14,":"))))
A15: =IF('441 - Coffee & Cocktail'!B15="","",IF('441 - Coffee & Cocktail-WUO_ERR'!A15="","Validated",HYPERLINK("#"&ADDRESS(15,'441 - Coffee & Cocktail-WUO_TRK'!A15),_xlfn.TEXTAFTER('441 - Coffee & Cocktail-WUO_ERR'!A15,":"))))
A16: =IF('441 - Coffee & Cocktail'!B16="","",IF('441 - Coffee & Cocktail-WUO_ERR'!A16="","Validated",HYPERLINK("#"&ADDRESS(16,'441 - Coffee & Cocktail-WUO_TRK'!A16),_xlfn.TEXTAFTER('441 - Coffee & Cocktail-WUO_ERR'!A16,":"))))
A17: =IF('441 - Coffee & Cocktail'!B17="","",IF('441 - Coffee & Cocktail-WUO_ERR'!A17="","Validated",HYPERLINK("#"&ADDRESS(17,'441 - Coffee & Cocktail-WUO_TRK'!A17),_xlfn.TEXTAFTER('441 - Coffee & Cocktail-WUO_ERR'!A17,":"))))
A18: =IF('441 - Coffee & Cocktail'!B18="","",IF('441 - Coffee & Cocktail-WUO_ERR'!A18="","Validated",HYPERLINK("#"&ADDRESS(18,'441 - Coffee & Cocktail-WUO_TRK'!A18),_xlfn.TEXTAFTER('441 - Coffee & Cocktail-WUO_ERR'!A18,":"))))
A19: =IF('441 - Coffee & Cocktail'!B19="","",IF('441 - Coffee & Cocktail-WUO_ERR'!A19="","Validated",HYPERLINK("#"&ADDRESS(19,'441 - Coffee & Cocktail-WUO_TRK'!A19),_xlfn.TEXTAFTER('441 - Coffee & Cocktail-WUO_ERR'!A19,":"))))
A20: =IF('441 - Coffee & Cocktail'!B20="","",IF('441 - Coffee & Cocktail-WUO_ERR'!A20="","Validated",HYPERLINK("#"&ADDRESS(20,'441 - Coffee & Cocktail-WUO_TRK'!A20),_xlfn.TEXTAFTER('441 - Coffee & Cocktail-WUO_ERR'!A20,":"))))
A21: =IF('441 - Coffee & Cocktail'!B21="","",IF('441 - Coffee & Cocktail-WUO_ERR'!A21="","Validated",HYPERLINK("#"&ADDRESS(21,'441 - Coffee & Cocktail-WUO_TRK'!A21),_xlfn.TEXTAFTER('441 - Coffee & Cocktail-WUO_ERR'!A21,":"))))
A22: =IF('441 - Coffee & Cocktail'!B22="","",IF('441 - Coffee & Cocktail-WUO_ERR'!A22="","Validated",HYPERLINK("#"&ADDRESS(22,'441 - Coffee & Cocktail-WUO_TRK'!A22),_xlfn.TEXTAFTER('441 - Coffee & Cocktail-WUO_ERR'!A22,":"))))
A23: =IF('441 - Coffee & Cocktail'!B23="","",IF('441 - Coffee & Cocktail-WUO_ERR'!A23="","Validated",HYPERLINK("#"&ADDRESS(23,'441 - Coffee & Cocktail-WUO_TRK'!A23),_xlfn.TEXTAFTER('441 - Coffee & Cocktail-WUO_ERR'!A23,":"))))
A24: =IF('441 - Coffee & Cocktail'!B24="","",IF('441 - Coffee & Cocktail-WUO_ERR'!A24="","Validated",HYPERLINK("#"&ADDRESS(24,'441 - Coffee & Cocktail-WUO_TRK'!A24),_xlfn.TEXTAFTER('441 - Coffee & Cocktail-WUO_ERR'!A24,":"))))
A25: =IF('441 - Coffee & Cocktail'!B25="","",IF('441 - Coffee & Cocktail-WUO_ERR'!A25="","Validated",HYPERLINK("#"&ADDRESS(25,'441 - Coffee & Cocktail-WUO_TRK'!A25),_xlfn.TEXTAFTER('441 - Coffee & Cocktail-WUO_ERR'!A25,":"))))
A26: =IF('441 - Coffee & Cocktail'!B26="","",IF('441 - Coffee & Cocktail-WUO_ERR'!A26="","Validated",HYPERLINK("#"&ADDRESS(26,'441 - Coffee & Cocktail-WUO_TRK'!A26),_xlfn.TEXTAFTER('441 - Coffee & Cocktail-WUO_ERR'!A26,":"))))
A27: =IF('441 - Coffee & Cocktail'!B27="","",IF('441 - Coffee & Cocktail-WUO_ERR'!A27="","Validated",HYPERLINK("#"&ADDRESS(27,'441 - Coffee & Cocktail-WUO_TRK'!A27),_xlfn.TEXTAFTER('441 - Coffee & Cocktail-WUO_ERR'!A27,":"))))
A28: =IF('441 - Coffee & Cocktail'!B28="","",IF('441 - Coffee & Cocktail-WUO_ERR'!A28="","Validated",HYPERLINK("#"&ADDRESS(28,'441 - Coffee & Cocktail-WUO_TRK'!A28),_xlfn.TEXTAFTER('441 - Coffee & Cocktail-WUO_ERR'!A28,":"))))
A29: =IF('441 - Coffee & Cocktail'!B29="","",IF('441 - Coffee & Cocktail-WUO_ERR'!A29="","Validated",HYPERLINK("#"&ADDRESS(29,'441 - Coffee & Cocktail-WUO_TRK'!A29),_xlfn.TEXTAFTER('441 - Coffee & Cocktail-WUO_ERR'!A29,":"))))
A30: =IF('441 - Coffee & Cocktail'!B30="","",IF('441 - Coffee & Cocktail-WUO_ERR'!A30="","Validated",HYPERLINK("#"&ADDRESS(30,'441 - Coffee & Cocktail-WUO_TRK'!A30),_xlfn.TEXTAFTER('441 - Coffee & Cocktail-WUO_ERR'!A30,":"))))
A31: =IF('441 - Coffee & Cocktail'!B31="","",IF('441 - Coffee & Cocktail-WUO_ERR'!A31="","Validated",HYPERLINK("#"&ADDRESS(31,'441 - Coffee & Cocktail-WUO_TRK'!A31),_xlfn.TEXTAFTER('441 - Coffee & Cocktail-WUO_ERR'!A31,":"))))
A32: =IF('441 - Coffee & Cocktail'!B32="","",IF('441 - Coffee & Cocktail-WUO_ERR'!A32="","Validated",HYPERLINK("#"&ADDRESS(32,'441 - Coffee & Cocktail-WUO_TRK'!A32),_xlfn.TEXTAFTER('441 - Coffee & Cocktail-WUO_ERR'!A32,":"))))
A33: =IF('441 - Coffee & Cocktail'!B33="","",IF('441 - Coffee & Cocktail-WUO_ERR'!A33="","Validated",HYPERLINK("#"&ADDRESS(33,'441 - Coffee & Cocktail-WUO_TRK'!A33),_xlfn.TEXTAFTER('441 - Coffee & Cocktail-WUO_ERR'!A33,":"))))
A34: =IF('441 - Coffee & Cocktail'!B34="","",IF('441 - Coffee & Cocktail-WUO_ERR'!A34="","Validated",HYPERLINK("#"&ADDRESS(34,'441 - Coffee & Cocktail-WUO_TRK'!A34),_xlfn.TEXTAFTER('441 - Coffee & Cocktail-WUO_ERR'!A34,":"))))
A35: =IF('441 - Coffee & Cocktail'!B35="","",IF('441 - Coffee & Cocktail-WUO_ERR'!A35="","Validated",HYPERLINK("#"&ADDRESS(35,'441 - Coffee & Cocktail-WUO_TRK'!A35),_xlfn.TEXTAFTER('441 - Coffee & Cocktail-WUO_ERR'!A35,":"))))
A36: =IF('441 - Coffee & Cocktail'!B36="","",IF('441 - Coffee & Cocktail-WUO_ERR'!A36="","Validated",HYPERLINK("#"&ADDRESS(36,'441 - Coffee & Cocktail-WUO_TRK'!A36),_xlfn.TEXTAFTER('441 - Coffee & Cocktail-WUO_ERR'!A36,":"))))
A37: =IF('441 - Coffee & Cocktail'!B37="","",IF('441 - Coffee & Cocktail-WUO_ERR'!A37="","Validated",HYPERLINK("#"&ADDRESS(37,'441 - Coffee & Cocktail-WUO_TRK'!A37),_xlfn.TEXTAFTER('441 - Coffee & Cocktail-WUO_ERR'!A37,":"))))
A38: =IF('441 - Coffee & Cocktail'!B38="","",IF('441 - Coffee & Cocktail-WUO_ERR'!A38="","Validated",HYPERLINK("#"&ADDRESS(38,'441 - Coffee & Cocktail-WUO_TRK'!A38),_xlfn.TEXTAFTER('441 - Coffee & Cocktail-WUO_ERR'!A38,":"))))
A39: =IF('441 - Coffee & Cocktail'!B39="","",IF('441 - Coffee & Cocktail-WUO_ERR'!A39="","Validated",HYPERLINK("#"&ADDRESS(39,'441 - Coffee & Cocktail-WUO_TRK'!A39),_xlfn.TEXTAFTER('441 - Coffee & Cocktail-WUO_ERR'!A39,":"))))
A40: =IF('441 - Coffee & Cocktail'!B40="","",IF('441 - Coffee & Cocktail-WUO_ERR'!A40="","Validated",HYPERLINK("#"&ADDRESS(40,'441 - Coffee & Cocktail-WUO_TRK'!A40),_xlfn.TEXTAFTER('441 - Coffee & Cocktail-WUO_ERR'!A40,":"))))
A41: =IF('441 - Coffee & Cocktail'!B41="","",IF('441 - Coffee & Cocktail-WUO_ERR'!A41="","Validated",HYPERLINK("#"&ADDRESS(41,'441 - Coffee & Cocktail-WUO_TRK'!A41),_xlfn.TEXTAFTER('441 - Coffee & Cocktail-WUO_ERR'!A41,":"))))
A42: =IF('441 - Coffee & Cocktail'!B42="","",IF('441 - Coffee & Cocktail-WUO_ERR'!A42="","Validated",HYPERLINK("#"&ADDRESS(42,'441 - Coffee & Cocktail-WUO_TRK'!A42),_xlfn.TEXTAFTER('441 - Coffee & Cocktail-WUO_ERR'!A42,":"))))
A43: =IF('441 - Coffee & Cocktail'!B43="","",IF('441 - Coffee & Cocktail-WUO_ERR'!A43="","Validated",HYPERLINK("#"&ADDRESS(43,'441 - Coffee & Cocktail-WUO_TRK'!A43),_xlfn.TEXTAFTER('441 - Coffee & Cocktail-WUO_ERR'!A43,":"))))
A44: =IF('441 - Coffee & Cocktail'!B44="","",IF('441 - Coffee & Cocktail-WUO_ERR'!A44="","Validated",HYPERLINK("#"&ADDRESS(44,'441 - Coffee & Cocktail-WUO_TRK'!A44),_xlfn.TEXTAFTER('441 - Coffee & Cocktail-WUO_ERR'!A44,":"))))
A45: =IF('441 - Coffee & Cocktail'!B45="","",IF('441 - Coffee & Cocktail-WUO_ERR'!A45="","Validated",HYPERLINK("#"&ADDRESS(45,'441 - Coffee & Cocktail-WUO_TRK'!A45),_xlfn.TEXTAFTER('441 - Coffee & Cocktail-WUO_ERR'!A45,":"))))
A46: =IF('441 - Coffee & Cocktail'!B46="","",IF('441 - Coffee & Cocktail-WUO_ERR'!A46="","Validated",HYPERLINK("#"&ADDRESS(46,'441 - Coffee & Cocktail-WUO_TRK'!A46),_xlfn.TEXTAFTER('441 - Coffee & Cocktail-WUO_ERR'!A46,":"))))
A47: =IF('441 - Coffee & Cocktail'!B47="","",IF('441 - Coffee & Cocktail-WUO_ERR'!A47="","Validated",HYPERLINK("#"&ADDRESS(47,'441 - Coffee & Cocktail-WUO_TRK'!A47),_xlfn.TEXTAFTER('441 - Coffee & Cocktail-WUO_ERR'!A47,":"))))
A48: =IF('441 - Coffee & Cocktail'!B48="","",IF('441 - Coffee & Cocktail-WUO_ERR'!A48="","Validated",HYPERLINK("#"&ADDRESS(48,'441 - Coffee & Cocktail-WUO_TRK'!A48),_xlfn.TEXTAFTER('441 - Coffee & Cocktail-WUO_ERR'!A48,":"))))
A49: =IF('441 - Coffee & Cocktail'!B49="","",IF('441 - Coffee & Cocktail-WUO_ERR'!A49="","Validated",HYPERLINK("#"&ADDRESS(49,'441 - Coffee & Cocktail-WUO_TRK'!A49),_xlfn.TEXTAFTER('441 - Coffee & Cocktail-WUO_ERR'!A49,":"))))
A50: =IF('441 - Coffee & Cocktail'!B50="","",IF('441 - Coffee & Cocktail-WUO_ERR'!A50="","Validated",HYPERLINK("#"&ADDRESS(50,'441 - Coffee & Cocktail-WUO_TRK'!A50),_xlfn.TEXTAFTER('441 - Coffee & Cocktail-WUO_ERR'!A50,":"))))
A51: =IF('441 - Coffee & Cocktail'!B51="","",IF('441 - Coffee & Cocktail-WUO_ERR'!A51="","Validated",HYPERLINK("#"&ADDRESS(51,'441 - Coffee & Cocktail-WUO_TRK'!A51),_xlfn.TEXTAFTER('441 - Coffee & Cocktail-WUO_ERR'!A51,":"))))
A52: =IF('441 - Coffee & Cocktail'!B52="","",IF('441 - Coffee & Cocktail-WUO_ERR'!A52="","Validated",HYPERLINK("#"&ADDRESS(52,'441 - Coffee & Cocktail-WUO_TRK'!A52),_xlfn.TEXTAFTER('441 - Coffee & Cocktail-WUO_ERR'!A52,":"))))
A53: =IF('441 - Coffee & Cocktail'!B53="","",IF('441 - Coffee & Cocktail-WUO_ERR'!A53="","Validated",HYPERLINK("#"&ADDRESS(53,'441 - Coffee & Cocktail-WUO_TRK'!A53),_xlfn.TEXTAFTER('441 - Coffee & Cocktail-WUO_ERR'!A53,":"))))
A54: =IF('441 - Coffee & Cocktail'!B54="","",IF('441 - Coffee & Cocktail-WUO_ERR'!A54="","Validated",HYPERLINK("#"&ADDRESS(54,'441 - Coffee & Cocktail-WUO_TRK'!A54),_xlfn.TEXTAFTER('441 - Coffee & Cocktail-WUO_ERR'!A54,":"))))
A55: =IF('441 - Coffee & Cocktail'!B55="","",IF('441 - Coffee & Cocktail-WUO_ERR'!A55="","Validated",HYPERLINK("#"&ADDRESS(55,'441 - Coffee & Cocktail-WUO_TRK'!A55),_xlfn.TEXTAFTER('441 - Coffee & Cocktail-WUO_ERR'!A55,":"))))
A56: =IF('441 - Coffee & Cocktail'!B56="","",IF('441 - Coffee & Cocktail-WUO_ERR'!A56="","Validated",HYPERLINK("#"&ADDRESS(56,'441 - Coffee & Cocktail-WUO_TRK'!A56),_xlfn.TEXTAFTER('441 - Coffee & Cocktail-WUO_ERR'!A56,":"))))
A57: =IF('441 - Coffee & Cocktail'!B57="","",IF('441 - Coffee & Cocktail-WUO_ERR'!A57="","Validated",HYPERLINK("#"&ADDRESS(57,'441 - Coffee & Cocktail-WUO_TRK'!A57),_xlfn.TEXTAFTER('441 - Coffee & Cocktail-WUO_ERR'!A57,":"))))
A58: =IF('441 - Coffee & Cocktail'!B58="","",IF('441 - Coffee & Cocktail-WUO_ERR'!A58="","Validated",HYPERLINK("#"&ADDRESS(58,'441 - Coffee & Cocktail-WUO_TRK'!A58),_xlfn.TEXTAFTER('441 - Coffee & Cocktail-WUO_ERR'!A58,":"))))
A59: =IF('441 - Coffee & Cocktail'!B59="","",IF('441 - Coffee & Cocktail-WUO_ERR'!A59="","Validated",HYPERLINK("#"&ADDRESS(59,'441 - Coffee & Cocktail-WUO_TRK'!A59),_xlfn.TEXTAFTER('441 - Coffee & Cocktail-WUO_ERR'!A59,":"))))
A60: =IF('441 - Coffee & Cocktail'!B60="","",IF('441 - Coffee & Cocktail-WUO_ERR'!A60="","Validated",HYPERLINK("#"&ADDRESS(60,'441 - Coffee & Cocktail-WUO_TRK'!A60),_xlfn.TEXTAFTER('441 - Coffee & Cocktail-WUO_ERR'!A60,":"))))
A61: =IF('441 - Coffee & Cocktail'!B61="","",IF('441 - Coffee & Cocktail-WUO_ERR'!A61="","Validated",HYPERLINK("#"&ADDRESS(61,'441 - Coffee & Cocktail-WUO_TRK'!A61),_xlfn.TEXTAFTER('441 - Coffee & Cocktail-WUO_ERR'!A61,":"))))
A62: =IF('441 - Coffee & Cocktail'!B62="","",IF('441 - Coffee & Cocktail-WUO_ERR'!A62="","Validated",HYPERLINK("#"&ADDRESS(62,'441 - Coffee & Cocktail-WUO_TRK'!A62),_xlfn.TEXTAFTER('441 - Coffee & Cocktail-WUO_ERR'!A62,":"))))
A63: =IF('441 - Coffee & Cocktail'!B63="","",IF('441 - Coffee & Cocktail-WUO_ERR'!A63="","Validated",HYPERLINK("#"&ADDRESS(63,'441 - Coffee & Cocktail-WUO_TRK'!A63),_xlfn.TEXTAFTER('441 - Coffee & Cocktail-WUO_ERR'!A63,":"))))
A64: =IF('441 - Coffee & Cocktail'!B64="","",IF('441 - Coffee & Cocktail-WUO_ERR'!A64="","Validated",HYPERLINK("#"&ADDRESS(64,'441 - Coffee & Cocktail-WUO_TRK'!A64),_xlfn.TEXTAFTER('441 - Coffee & Cocktail-WUO_ERR'!A64,":"))))
A65: =IF('441 - Coffee & Cocktail'!B65="","",IF('441 - Coffee & Cocktail-WUO_ERR'!A65="","Validated",HYPERLINK("#"&ADDRESS(65,'441 - Coffee & Cocktail-WUO_TRK'!A65),_xlfn.TEXTAFTER('441 - Coffee & Cocktail-WUO_ERR'!A65,":"))))
A66: =IF('441 - Coffee & Cocktail'!B66="","",IF('441 - Coffee & Cocktail-WUO_ERR'!A66="","Validated",HYPERLINK("#"&ADDRESS(66,'441 - Coffee & Cocktail-WUO_TRK'!A66),_xlfn.TEXTAFTER('441 - Coffee & Cocktail-WUO_ERR'!A66,":"))))
A67: =IF('441 - Coffee & Cocktail'!B67="","",IF('441 - Coffee & Cocktail-WUO_ERR'!A67="","Validated",HYPERLINK("#"&ADDRESS(67,'441 - Coffee & Cocktail-WUO_TRK'!A67),_xlfn.TEXTAFTER('441 - Coffee & Cocktail-WUO_ERR'!A67,":"))))
A68: =IF('441 - Coffee & Cocktail'!B68="","",IF('441 - Coffee & Cocktail-WUO_ERR'!A68="","Validated",HYPERLINK("#"&ADDRESS(68,'441 - Coffee & Cocktail-WUO_TRK'!A68),_xlfn.TEXTAFTER('441 - Coffee & Cocktail-WUO_ERR'!A68,":"))))
A69: =IF('441 - Coffee & Cocktail'!B69="","",IF('441 - Coffee & Cocktail-WUO_ERR'!A69="","Validated",HYPERLINK("#"&ADDRESS(69,'441 - Coffee & Cocktail-WUO_TRK'!A69),_xlfn.TEXTAFTER('441 - Coffee & Cocktail-WUO_ERR'!A69,":"))))
A70: =IF('441 - Coffee & Cocktail'!B70="","",IF('441 - Coffee & Cocktail-WUO_ERR'!A70="","Validated",HYPERLINK("#"&ADDRESS(70,'441 - Coffee & Cocktail-WUO_TRK'!A70),_xlfn.TEXTAFTER('441 - Coffee & Cocktail-WUO_ERR'!A70,":"))))
A71: =IF('441 - Coffee & Cocktail'!B71="","",IF('441 - Coffee & Cocktail-WUO_ERR'!A71="","Validated",HYPERLINK("#"&ADDRESS(71,'441 - Coffee & Cocktail-WUO_TRK'!A71),_xlfn.TEXTAFTER('441 - Coffee & Cocktail-WUO_ERR'!A71,":"))))
A72: =IF('441 - Coffee & Cocktail'!B72="","",IF('441 - Coffee & Cocktail-WUO_ERR'!A72="","Validated",HYPERLINK("#"&ADDRESS(72,'441 - Coffee & Cocktail-WUO_TRK'!A72),_xlfn.TEXTAFTER('441 - Coffee & Cocktail-WUO_ERR'!A72,":"))))
A73: =IF('441 - Coffee & Cocktail'!B73="","",IF('441 - Coffee & Cocktail-WUO_ERR'!A73="","Validated",HYPERLINK("#"&ADDRESS(73,'441 - Coffee & Cocktail-WUO_TRK'!A73),_xlfn.TEXTAFTER('441 - Coffee & Cocktail-WUO_ERR'!A73,":"))))
A74: =IF('441 - Coffee & Cocktail'!B74="","",IF('441 - Coffee & Cocktail-WUO_ERR'!A74="","Validated",HYPERLINK("#"&ADDRESS(74,'441 - Coffee & Cocktail-WUO_TRK'!A74),_xlfn.TEXTAFTER('441 - Coffee & Cocktail-WUO_ERR'!A74,":"))))
A75: =IF('441 - Coffee & Cocktail'!B75="","",IF('441 - Coffee & Cocktail-WUO_ERR'!A75="","Validated",HYPERLINK("#"&ADDRESS(75,'441 - Coffee & Cocktail-WUO_TRK'!A75),_xlfn.TEXTAFTER('441 - Coffee & Cocktail-WUO_ERR'!A75,":"))))
A76: =IF('441 - Coffee & Cocktail'!B76="","",IF('441 - Coffee & Cocktail-WUO_ERR'!A76="","Validated",HYPERLINK("#"&ADDRESS(76,'441 - Coffee & Cocktail-WUO_TRK'!A76),_xlfn.TEXTAFTER('441 - Coffee & Cocktail-WUO_ERR'!A76,":"))))
A77: =IF('441 - Coffee & Cocktail'!B77="","",IF('441 - Coffee & Cocktail-WUO_ERR'!A77="","Validated",HYPERLINK("#"&ADDRESS(77,'441 - Coffee & Cocktail-WUO_TRK'!A77),_xlfn.TEXTAFTER('441 - Coffee & Cocktail-WUO_ERR'!A77,":"))))
A78: =IF('441 - Coffee & Cocktail'!B78="","",IF('441 - Coffee & Cocktail-WUO_ERR'!A78="","Validated",HYPERLINK("#"&ADDRESS(78,'441 - Coffee & Cocktail-WUO_TRK'!A78),_xlfn.TEXTAFTER('441 - Coffee & Cocktail-WUO_ERR'!A78,":"))))
A79: =IF('441 - Coffee & Cocktail'!B79="","",IF('441 - Coffee & Cocktail-WUO_ERR'!A79="","Validated",HYPERLINK("#"&ADDRESS(79,'441 - Coffee & Cocktail-WUO_TRK'!A79),_xlfn.TEXTAFTER('441 - Coffee & Cocktail-WUO_ERR'!A79,":"))))
A80: =IF('441 - Coffee & Cocktail'!B80="","",IF('441 - Coffee & Cocktail-WUO_ERR'!A80="","Validated",HYPERLINK("#"&ADDRESS(80,'441 - Coffee & Cocktail-WUO_TRK'!A80),_xlfn.TEXTAFTER('441 - Coffee & Cocktail-WUO_ERR'!A80,":"))))
A81: =IF('441 - Coffee & Cocktail'!B81="","",IF('441 - Coffee & Cocktail-WUO_ERR'!A81="","Validated",HYPERLINK("#"&ADDRESS(81,'441 - Coffee & Cocktail-WUO_TRK'!A81),_xlfn.TEXTAFTER('441 - Coffee & Cocktail-WUO_ERR'!A81,":"))))
A82: =IF('441 - Coffee & Cocktail'!B82="","",IF('441 - Coffee & Cocktail-WUO_ERR'!A82="","Validated",HYPERLINK("#"&ADDRESS(82,'441 - Coffee & Cocktail-WUO_TRK'!A82),_xlfn.TEXTAFTER('441 - Coffee & Cocktail-WUO_ERR'!A82,":"))))
A83: =IF('441 - Coffee & Cocktail'!B83="","",IF('441 - Coffee & Cocktail-WUO_ERR'!A83="","Validated",HYPERLINK("#"&ADDRESS(83,'441 - Coffee & Cocktail-WUO_TRK'!A83),_xlfn.TEXTAFTER('441 - Coffee & Cocktail-WUO_ERR'!A83,":"))))
A84: =IF('441 - Coffee & Cocktail'!B84="","",IF('441 - Coffee & Cocktail-WUO_ERR'!A84="","Validated",HYPERLINK("#"&ADDRESS(84,'441 - Coffee & Cocktail-WUO_TRK'!A84),_xlfn.TEXTAFTER('441 - Coffee & Cocktail-WUO_ERR'!A84,":"))))
A85: =IF('441 - Coffee & Cocktail'!B85="","",IF('441 - Coffee & Cocktail-WUO_ERR'!A85="","Validated",HYPERLINK("#"&ADDRESS(85,'441 - Coffee & Cocktail-WUO_TRK'!A85),_xlfn.TEXTAFTER('441 - Coffee & Cocktail-WUO_ERR'!A85,":"))))
A86: =IF('441 - Coffee & Cocktail'!B86="","",IF('441 - Coffee & Cocktail-WUO_ERR'!A86="","Validated",HYPERLINK("#"&ADDRESS(86,'441 - Coffee & Cocktail-WUO_TRK'!A86),_xlfn.TEXTAFTER('441 - Coffee & Cocktail-WUO_ERR'!A86,":"))))
A87: =IF('441 - Coffee & Cocktail'!B87="","",IF('441 - Coffee & Cocktail-WUO_ERR'!A87="","Validated",HYPERLINK("#"&ADDRESS(87,'441 - Coffee & Cocktail-WUO_TRK'!A87),_xlfn.TEXTAFTER('441 - Coffee & Cocktail-WUO_ERR'!A87,":"))))
A88: =IF('441 - Coffee & Cocktail'!B88="","",IF('441 - Coffee & Cocktail-WUO_ERR'!A88="","Validated",HYPERLINK("#"&ADDRESS(88,'441 - Coffee & Cocktail-WUO_TRK'!A88),_xlfn.TEXTAFTER('441 - Coffee & Cocktail-WUO_ERR'!A88,":"))))
A89: =IF('441 - Coffee & Cocktail'!B89="","",IF('441 - Coffee & Cocktail-WUO_ERR'!A89="","Validated",HYPERLINK("#"&ADDRESS(89,'441 - Coffee & Cocktail-WUO_TRK'!A89),_xlfn.TEXTAFTER('441 - Coffee & Cocktail-WUO_ERR'!A89,":"))))
A90: =IF('441 - Coffee & Cocktail'!B90="","",IF('441 - Coffee & Cocktail-WUO_ERR'!A90="","Validated",HYPERLINK("#"&ADDRESS(90,'441 - Coffee & Cocktail-WUO_TRK'!A90),_xlfn.TEXTAFTER('441 - Coffee & Cocktail-WUO_ERR'!A90,":"))))
A91: =IF('441 - Coffee & Cocktail'!B91="","",IF('441 - Coffee & Cocktail-WUO_ERR'!A91="","Validated",HYPERLINK("#"&ADDRESS(91,'441 - Coffee & Cocktail-WUO_TRK'!A91),_xlfn.TEXTAFTER('441 - Coffee & Cocktail-WUO_ERR'!A91,":"))))
A92: =IF('441 - Coffee & Cocktail'!B92="","",IF('441 - Coffee & Cocktail-WUO_ERR'!A92="","Validated",HYPERLINK("#"&ADDRESS(92,'441 - Coffee & Cocktail-WUO_TRK'!A92),_xlfn.TEXTAFTER('441 - Coffee & Cocktail-WUO_ERR'!A92,":"))))
A93: =IF('441 - Coffee & Cocktail'!B93="","",IF('441 - Coffee & Cocktail-WUO_ERR'!A93="","Validated",HYPERLINK("#"&ADDRESS(93,'441 - Coffee & Cocktail-WUO_TRK'!A93),_xlfn.TEXTAFTER('441 - Coffee & Cocktail-WUO_ERR'!A93,":"))))
A94: =IF('441 - Coffee & Cocktail'!B94="","",IF('441 - Coffee & Cocktail-WUO_ERR'!A94="","Validated",HYPERLINK("#"&ADDRESS(94,'441 - Coffee & Cocktail-WUO_TRK'!A94),_xlfn.TEXTAFTER('441 - Coffee & Cocktail-WUO_ERR'!A94,":"))))
A95: =IF('441 - Coffee & Cocktail'!B95="","",IF('441 - Coffee & Cocktail-WUO_ERR'!A95="","Validated",HYPERLINK("#"&ADDRESS(95,'441 - Coffee & Cocktail-WUO_TRK'!A95),_xlfn.TEXTAFTER('441 - Coffee & Cocktail-WUO_ERR'!A95,":"))))
A96: =IF('441 - Coffee & Cocktail'!B96="","",IF('441 - Coffee & Cocktail-WUO_ERR'!A96="","Validated",HYPERLINK("#"&ADDRESS(96,'441 - Coffee & Cocktail-WUO_TRK'!A96),_xlfn.TEXTAFTER('441 - Coffee & Cocktail-WUO_ERR'!A96,":"))))
A97: =IF('441 - Coffee & Cocktail'!B97="","",IF('441 - Coffee & Cocktail-WUO_ERR'!A97="","Validated",HYPERLINK("#"&ADDRESS(97,'441 - Coffee & Cocktail-WUO_TRK'!A97),_xlfn.TEXTAFTER('441 - Coffee & Cocktail-WUO_ERR'!A97,":"))))
A98: =IF('441 - Coffee & Cocktail'!B98="","",IF('441 - Coffee & Cocktail-WUO_ERR'!A98="","Validated",HYPERLINK("#"&ADDRESS(98,'441 - Coffee & Cocktail-WUO_TRK'!A98),_xlfn.TEXTAFTER('441 - Coffee & Cocktail-WUO_ERR'!A98,":"))))
A99: =IF('441 - Coffee & Cocktail'!B99="","",IF('441 - Coffee & Cocktail-WUO_ERR'!A99="","Validated",HYPERLINK("#"&ADDRESS(99,'441 - Coffee & Cocktail-WUO_TRK'!A99),_xlfn.TEXTAFTER('441 - Coffee & Cocktail-WUO_ERR'!A99,":"))))
A100: =IF('441 - Coffee & Cocktail'!B100="","",IF('441 - Coffee & Cocktail-WUO_ERR'!A100="","Validated",HYPERLINK("#"&ADDRESS(100,'441 - Coffee & Cocktail-WUO_TRK'!A100),_xlfn.TEXTAFTER('441 - Coffee & Cocktail-WUO_ERR'!A100,":"))))
...

Sheet 441 - Coffee & Cocktail-WUO_ERR
B1: core::supplierPartNumber | C1: core::amazonStandardIdentificationNumber | D1: core::manufacturerId | E1: core::manufacturerPartNumber | F1: core::universalProductCode | G1: core::productName | H1: core::collectionName | I1: core::manufacturerProductUrl | J1: variantGrouping::variantType | K1: variantGrouping::groupReferenceId | L1: variantGrouping::variantGrouping | M1: variantGrouping::variantAttributeNameOnSite | N1: variantGrouping::variantGrouping | O1: variantGrouping::variantAttributeNameOnSite | P1: variantGrouping::variantGrouping | Q1: variantGrouping::variantAttributeNameOnSite | R1: price::wholesalePrice | S1: price::minimumAdvertizedPrice | T1: price::manufacturerSuggestedRetailPrice | U1: featureDescription::romanceCopy | V1: featureDescription::genericFeatures | W1: featureDescription::genericFeatures | X1: featureDescription::genericFeatures | Y1: featureDescription::genericFeatures | Z1: featureDescription::genericFeatures | AA1: shippingAndFulfillment::minimumOrderQuantity | AB1: shippingAndFulfillment::forceQuantityMultiplier | AC1: shippingAndFulfillment::displaySetQuantity | AD1: shippingAndFulfillment::productWeight | AE1: shippingAndFulfillment::shipType | AF1: shippingAndFulfillment::freightClass | AG1: shippingAndFulfillment::leadTime | AH1: shippingAndFulfillment::replacementLeadTime | AI1: shippingAndFulfillment::nationalMotorFreightClass | AJ1: shippingAndFulfillment::flatPack | AK1: shippingAndFulfillment::shipPalletized | AL1: shippingAndFulfillment::weight | AM1: shippingAndFulfillment::height | AN1: shippingAndFulfillment::width | AO1: shippingAndFulfillment::depth | AP1: propSixtyFive::warningRequired | AQ1: propSixtyFive::chemicalId | AR1: propSixtyFive::toxicity | AS1: propSixtyFive::countryOfManufacturer | AT1: media::imageValue | AU1: media::imageValue | AV1: media::imageValue | AW1: media::imageValue | AX1: media::imageValue | AY1: media::videoValue | AZ1: media::documentValue | BA1: media::documentType | BB1: media::legalDocumentType | BC1: media::regionType | BD1: media::language | BE1: media::documentValue | BF1: media::documentType | BG1: media::legalDocumentType | BH1: media::regionType | BI1: media::language | BJ1: media::documentValue | BK1: media::documentType | BL1: media::legalDocumentType | BM1: media::regionType | BN1: media::language | BO1: 10391 | BP1: 10402 | BQ1: 10393 | BR1: 378129 | BS1: 10394 | BT1: 10375 | BU1: 10376 | BV1: 222982 | BW1: 10415 | BX1: 10373 | BY1: 164011 | BZ1: 10377 | CA1: 10404 | CB1: 222981 | CC1: 10417 | CD1: 223537 | CE1: 237697 | CF1: 237702 | CG1: 10405 | CH1: 10407 | CI1: 10406 | CJ1: 239991 | CK1: 239994 | CL1: 239997 | CM1: 244560 | CN1: 292813 | CO1: 293475 | CP1: 293539 | CQ1: 344977 | CR1: 346776 | CS1: 351565 | CT1: 367216 | CU1: 351576 | CV1: 352302 | CW1: 352293 | CX1: 351606 | CY1: 370837 | CZ1: 371510 | DA1: 381749 | DB1: 185333 | DC1: 384836 | DD1: 387434 | DE1: 400761 | DF1: 400777 | DG1: 400839 | DH1: 237693 | DI1: 10429 | DJ1: 210003 | DK1: 201428 | DL1: 224756 | DM1: 224977 | DN1: 364800 | DO1: 210009 | DP1: 236265 | DQ1: 249356 | DR1: 251106 | DS1: 295667 | DT1: 339303 | DU1: 373909 | DV1: 340805 | DW1: 341053 | DX1: 369745 | DY1: 386031 | DZ1: 415236 | EA1: 421625 | EB1: 10433 | EC1: 10434 | ED1: 10435 | EE1: 10444 | EF1: 10445 | EG1: 222846 | EH1: 222849 | EI1: 228897 | EJ1: 333534 | EK1: 254150 | EL1: 255266 | EM1: 256050
B2: Basic Information | J2: Variants | R2: Pricing | U2: Marketing Information | AA2: Fulfillment Information | AL2: Carton Details | AP2: Compliance | AT2: Media | BO2: Attributes
B3: Required | C3: Additional | D3: Required | E3: Required | F3: Recommended | G3: Required | H3: Additional | I3: Additional | J3: Required | K3: Conditional | L3: Recommended | M3: Conditional | N3: Recommended | O3: Conditional | P3: Recommended | Q3: Conditional | R3: Required | S3: Additional | T3: Additional | U3: Conditional | V3: Conditional | W3: Conditional | X3: Conditional | Y3: Conditional | Z3: Conditional | AA3: Required | AB3: Required | AC3: Required | AD3: Required | AE3: Required | AF3: Conditional | AG3: Required | AH3: Required | AI3: Additional | AJ3: Additional | AK3: Additional | AL3: Required | AM3: Required | AN3: Required | AO3: Required | AP3: Required | AQ3: Conditional | AR3: Conditional | AS3: Required | AT3: Required | AU3: Additional | AV3: Additional | AW3: Additional | AX3: Additional | AY3: Additional | AZ3: Conditional | BA3: Conditional | BB3: Conditional | BC3: Conditional | BD3: Conditional | BE3: Conditional | BF3: Conditional | BG3: Conditional | BH3: Conditional | BI3: Conditional | BJ3: Conditional | BK3: Conditional | BL3: Conditional | BM3: Conditional | BN3: Conditional | BO3: Required | BP3: Recommended | BQ3: Required | BR3: Required | BS3: Required | BT3: Required | BU3: Required | BV3: Recommended | BW3: Required | BX3: Recommended | BY3: Recommended | BZ3: Recommended | CA3: Recommended | CB3: Recommended | CC3: Recommended | CD3: Required | CE3: Required | CF3: Required | CG3: Required | CH3: Required | CI3: Required | CJ3: Required | CK3: Recommended | CL3: Required | CM3: Additional | CN3: Recommended | CO3: Recommended | CP3: Recommended | CQ3: Additional | CR3: Additional | CS3: Additional | CT3: Additional | CU3: Additional | CV3: Additional | CW3: Additional | CX3: Additional | CY3: Recommended | CZ3: Recommended | DA3: Required | DB3: Recommended | DC3: Recommended | DD3: Recommended | DE3: Recommended | DF3: Recommended | DG3: Required | DH3: Required | DI3: Required | DJ3: Additional | DK3: Required | DL3: Required | DM3: Required | DN3: Required | DO3: Required | DP3: Required | DQ3: Required | DR3: Required | DS3: Required | DT3: Additional | DU3: Additional | DV3: Additional | DW3: Additional | DX3: Additional | DY3: Recommended | DZ3: Recommended | EA3: Recommended | EB3: Required | EC3: Required | ED3: Required | EE3: Recommended | EF3: Required | EG3: Required | EH3: Recommended | EI3: Required | EJ3: Recommended | EK3: Recommended | EL3: Recommended | EM3: Recommended
B4: Supplier Part Number | C4: ASIN or Amazon Seller SKU | D4: Brand | E4: Manufacturer Part Number | F4: Universal Product Code | G4: Product Name | H4: Collection Name | I4: Manufacturer Product URL | J4: Variant Type | K4: Group Reference ID | L4: Variant Grouping 1 | M4: Variant Attribute Name On Site 1 | N4: Variant Grouping 2 | O4: Variant Attribute Name On Site 2 | P4: Variant Grouping 3 | Q4: Variant Attribute Name On Site 3 | R4: Base Cost | S4: Minimum Advertised Price | T4: Manufacturer Suggested Retail Price | U4: Marketing Copy | V4: Feature Bullet 1 | W4: Feature Bullet 2 | X4: Feature Bullet 3 | Y4: Feature Bullet 4 | Z4: Feature Bullet 5 | AA4: Minimum Order Quantity | AB4: Force Quantity Multiplier | AC4: Display Set Quantity | AD4: Product Weight | AE4: Ship Type | AF4: Freight Class | AG4: Lead Time | AH4: Replacement Lead Time | AI4: National Motor Freight Class | AJ4: Flat Pack | AK4: Ship Palletized | AL4: Carton Weight 1 | AM4: Carton Height 1 | AN4: Carton Width 1 | AO4: Carton Depth 1 | AP4: Warning Required | AQ4: Chemical 1 | AR4: Toxicity 1 | AS4: Country Of Manufacturer | AT4: Image File Name or URL 1 | AU4: Image File Name or URL 2 | AV4: Image File Name or URL 3 | AW4: Image File Name or URL 4 | AX4: Image File Name or URL 5 | AY4: Video File Name or URL 1 | AZ4: Document File Name or URL 1 | BA4: Document Type 1 | BB4: Legal Document Type 1 | BC4: Document Region 1 | BD4: Document Language 1 | BE4: Document File Name or URL 2 | BF4: Document Type 2 | BG4: Legal Document Type 2 | BH4: Document Region 2 | BI4: Document Language 2 | BJ4: Document File Name or URL 3 | BK4: Document Type 3 | BL4: Legal Document Type 3 | BM4: Document Region 3 | BN4: Document Language 3 | BO4: Product Type | BP4: Stool(s) Included | BQ4: Table Top Shape | BR4: Top Color | BS4: Coffee Table Lift Top | BT4: Top Material | BU4: Base Material | BV4: Natural Variation Type | BW4: Upholstered | BX4: Gloss Finish | BY4: Mirrored | BZ4: Table Base Type | CA4: Wheels / Casters Included | CB4: Purposeful Distressing Type | CC4: Weight Capacity | CD4: Supplier Intended and Approved Use | CE4: Plug-In | CF4: Storage Included | CG4: Shelves Included | CH4: Drawers Included | CI4: Cabinets Included | CJ4: Decal/Laminate Design | CK4: Removable Tray | CL4: Set Type | CM4: Country of Origin - Additional Details | CN4: Inlaid Detail | CO4: Main Wood Joinery Method | CP4: Kiln-Dried Wood | CQ4: Battery or Batteries Included | CR4: Battery Composition | CS4: Battery Type | CT4: Number of Batteries | CU4: Battery Shipment | CV4: Lithium Content | CW4: Watt Rating of Cells / Battery | CX4: Weight of Cells / Battery | CY4: Unfinished | CZ4: Leg Design | DA4: Base Color | DB4: Wood Species | DC4: Pieces Included | DD4: Scalloped Edges | DE4: Fluted Detailing | DF4: Ribbed Detailing | DG4: Durability | DH4: Number of Tables Included | DI4: General Certificate of Conformity (GCC) | DJ4: ADA Compliant | DK4: Composite Wood Product (CWP) | DL4: CARB Phase II Compliant (formaldehyde emissions) | DM4: TSCA Title VI Compliant (formaldehyde emissions) | DN4: CANFER Compliant | DO4: CAL TB 117-2013 Compliant | DP4: Uniform Packaging and Labeling Regulations (UPLR) Compliant | DQ4: Canada Product Restriction | DR4: Reason for Restriction | DS4: SOFFA Compliant | DT4: Hazardous Material / Dangerous Goods | DU4: UN or ID number | DV4: Hazard Class(es) | DW4: Packing Group | DX4: Hazardous Material Weight | DY4: ISTA Certified | DZ4: Sustainability & Social Responsibility Certifications (North America Only) | EA4: Commercial Certifications | EB4: Overall Height - Top to Bottom | EC4: Overall Width - Side to Side | ED4: Overall Depth - Front to Back | EE4: Overall Product Weight | EF4: Assembly Required | EG4: Level of Assembly | EH4: Additional Tools Required (Not Included) | EI4: Commercial Warranty | EJ4: Commercial Warranty Length | EK4: Product Warranty | EL4: Full or Limited Warranty | EM4: Warranty Length
B5: Must be less than 64 characters and must be a unique value (products cannot be added if they have the same part number as something you already have in your catalog). This is the supplier-specific value for the product as it appears on your Inventory Feed and Purchased Orders. | C5: The Amazon Standard Identification Number (ASIN) is a 10-character alphanumeric unique identifier assigned by Amazon.com and its partners for product identification within the Amazon organization. The Amazon Seller SKU is Amazon's identifier for your product that allows you to fulfill the product through Amazon shipping even when selling the product on other sites like Wayfair. | D5: Enter your product's brand (may be the same as the product's manufacturer). New brands must be created in the brand management tool in Partner Home before they can be selected here. | E5: Must be less than 64 characters and must be a unique value (products cannot be added if they have the same part number as something you already have in your catalog). This is the part number provided by the manufacturer. | F5: Must follow the standard UPC format and must be a unique value (products cannot be added if they have the same UPC as something you already have in your catalog). | G5: Please do not use abbreviations or exceed the 255 character limit. Wayfair may adjust the provided name based on marketing standards per class. | H5: If the product belongs to a collection of associated products that are not just product variances/options, enter the collection here. This can match with collections of products you already sell on site. For example, a collection may be a bed and nightstand that both follow a modern theme, but would not be a bed that comes in two separate colors. Products in a collection do not share the same listing on site. | I5: Enter the URL for the specific manufacturer product page of your product. | J5: Indicate whether this part number is a standalone product, primary variant (all required fields must be provided), or non-primary variant (data can be autofilled from primary variant). | K5: Provide an identifier to group your variants. This information will be used to create a listing. | L5: Common attribute to group products by. Select from dropdown or enter a custom value. | M5: Display name for variant attribute, if differs from corresponding Attribute answer. | N5: Common attribute to group products by. Select from dropdown or enter a custom value. | O5: Display name for variant attribute, if differs from corresponding Attribute answer. | P5: Common attribute to group products by. Select from dropdown or enter a custom value. | Q5: Display name for variant attribute, if differs from corresponding Attribute answer. | R5: Your supplier profile preference for currency is used to determine the currency of the base (wholesale) cost provided. | S5: The region selected for this sheet is used to determine the currency of the MAP provided. This may differ from the currency of your base cost. | T5: The region selected for this sheet is used to determine the currency of the MSRP provided. This may differ from the currency of your base cost. | U5: Please do not use special symbols (trademark, copyright, etc.) or extra lines/spacing. This should be a short, single paragraph product description in complete sentences highlighting details about key product information. | V5: 15 words or less, describing one aspect of the product, eg., Unique aspects, benefits, use cases, technology. These provide customers with key facts at first glance and help them to decide whether they want to make the purchase. If no marketing copy is provided, then at least 3 feature bullets must be provided. | W5: 15 words or less, describing one aspect of the product, eg., Unique aspects, benefits, use cases, technology. These provide customers with key facts at first glance and help them to decide whether they want to make the purchase. If no marketing copy is provided, then at least 3 feature bullets must be provided. | X5: 15 words or less, describing one aspect of the product, eg., Unique aspects, benefits, use cases, technology. These provide customers with key facts at first glance and help them to decide whether they want to make the purchase. If no marketing copy is provided, then at least 3 feature bullets must be provided. | Y5: 15 words or less, describing one aspect of the product, eg., Unique aspects, benefits, use cases, technology. These provide customers with key facts at first glance and help them to decide whether they want to make the purchase. If no marketing copy is provided, then at least 3 feature bullets must be provided. | Z5: 15 words or less, describing one aspect of the product, eg., Unique aspects, benefits, use cases, technology. These provide customers with key facts at first glance and help them to decide whether they want to make the purchase. If no marketing copy is provided, then at least 3 feature bullets must be provided. | AA5: The minimum count of items a customer must choose to purchase the product. | AB5: This represents how many items the customer must buy in increments of, or in addition to. For example, a multiplier of 2 would mean a custom must buy 1 quantity, 3 quantity, 5 quantity, or some other multiple of 2. | AC5: Number of items represented by the part number and wholesale price. For example, if you want to sell a bundle of pillows, and the part number and wholesale cost you provided represents that full bundle of pillows, then you would answer the Display Set Quantity question with how many pillows are in the bundle. | AD5: [Pounds] What is the total weight of this product once assembled? Please enter just the number (i.e. 45.5) without a unit of measurement. | AE5: Enter small parcel or LTL to indicate how the product can ship based on size and weight. | AF5: Each product falls into 1 of 18 classes determined by a product's 'transportability' and are crucial for calculating shipping cost. The field is required when ship type is LTL. | AG5: [Hours] This is the length of time from receipt of PO to shipment from the warehouse. | AH5: [Hours] This is length of time from receipt of a replacement PO to shipment from the warehouse | AI5: 5 to 7 digit number in length (depending on any sub classification) that will identify what is shipping in the box | AJ5: Also known as 'knocked down'. Select 'Yes' if this product ships disassembled in a flat pack box. | AK5: Select 'Yes' if this product ships on a pallet. | AL5: [Pounds] Enter in the shipping weight (i.e. 45.5) of the packaging used for the product. If the product ships in more than one box, this measurement is per box. | AM5: [Inches] Enter in the shipping height (i.e. 45.5) of the packaging used for the product. If the product ships in more than one box, this measurement is per box. | AN5: [Inches] Enter in the shipping width (i.e. 45.5) of the packaging used for the product. If the product ships in more than one box, this measurement is per box. | AO5: [Inches] Enter in the shipping depth (i.e. 45.5) of the packaging used for the product. If the product ships in more than one box, this measurement is per box. | AP5: If the product requires a warning for Proposition 65 compliance in California, answer 'Yes' and indicate which chemicals and toxicities are applicable. | AQ5: Select the chemical that requires the Prop65 warning. | AR5: Select the toxicity that can result from the selected chemical. | AS5: Provide only a single country of manufacture for each product. | AT5: Your first image will be set as the lead image for this listing, however, is subject to change upon Wayfair review. For each image uploaded, provide the file name with extension (e.g. PART_1.jpeg) or a direct public URL which leads to a single image (tip: to isolate the image, right click + select Open Image in New Tab). Elements like logos, buttons, etc will interfere with our ability to download the image. Do not exceed 20 images per product. | AU5: Your first image will be set as the lead image for this listing, however, is subject to change upon Wayfair review. For each image uploaded, provide the file name with extension (e.g. PART_1.jpeg) or a direct public URL which leads to a single image (tip: to isolate the image, right click + select Open Image in New Tab). Elements like logos, buttons, etc will interfere with our ability to download the image. Do not exceed 20 images per product. | AV5: Your first image will be set as the lead image for this listing, however, is subject to change upon Wayfair review. For each image uploaded, provide the file name with extension (e.g. PART_1.jpeg) or a direct public URL which leads to a single image (tip: to isolate the image, right click + select Open Image in New Tab). Elements like logos, buttons, etc will interfere with our ability to download the image. Do not exceed 20 images per product. | AW5: Your first image will be set as the lead image for this listing, however, is subject to change upon Wayfair review. For each image uploaded, provide the file name with extension (e.g. PART_1.jpeg) or a direct public URL which leads to a single image (tip: to isolate the image, right click + select Open Image in New Tab). Elements like logos, buttons, etc will interfere with our ability to download the image. Do not exceed 20 images per product. | AX5: Your first image will be set as the lead image for this listing, however, is subject to change upon Wayfair review. For each image uploaded, provide the file name with extension (e.g. PART_1.jpeg) or a direct public URL which leads to a single image (tip: to isolate the image, right click + select Open Image in New Tab). Elements like logos, buttons, etc will interfere with our ability to download the image. Do not exceed 20 images per product. | AY5: Provide the video’s file name with extension for separate uploads or a direct public URL. Do not exceed 10 videos per product. | AZ5: Provide the document’s file name with extension for separate uploads or a direct public URL. Do not exceed 10 documents per product. | BA5: Select one or more values from the provided list that best describe the document’s purpose. This classification helps customers easily find information like “Installation & Assembly” guides, “Warranty Information,” or “Specifications. | BB5: If the document serves as a legal notice or certification (e.g., “ASTM F2057 - 19,” “ANSI A117.1 Compliant”), select the specific type(s) from the provided list. This is used for compliance and to display certifications to customers. | BC5: Select the country or region where this document is legally applicable. This is crucial for compliance-related documents that may differ across locations. | BD5: Select the language in which the document is written. | BE5: Provide the document’s file name with extension for separate uploads or a direct public URL. Do not exceed 10 documents per product. | BF5: Select one or more values from the provided list that best describe the document’s purpose. This classification helps customers easily find information like “Installation & Assembly” guides, “Warranty Information,” or “Specifications. | BG5: If the document serves as a legal notice or certification (e.g., “ASTM F2057 - 19,” “ANSI A117.1 Compliant”), select the specific type(s) from the provided list. This is used for compliance and to display certifications to customers. | BH5: Select the country or region where this document is legally applicable. This is crucial for compliance-related documents that may differ across locations. | BI5: Select the language in which the document is written. | BJ5: Provide the document’s file name with extension for separate uploads or a direct public URL. Do not exceed 10 documents per product. | BK5: Select one or more values from the provided list that best describe the document’s purpose. This classification helps customers easily find information like “Installation & Assembly” guides, “Warranty Information,” or “Specifications. | BL5: If the document serves as a legal notice or certification (e.g., “ASTM F2057 - 19,” “ANSI A117.1 Compliant”), select the specific type(s) from the provided list. This is used for compliance and to display certifications to customers. | BM5: Select the country or region where this document is legally applicable. This is crucial for compliance-related documents that may differ across locations. | BN5: Select the language in which the document is written. | BO5: What type of product is this? | BP5: Does this product have a stool or stools included? | BQ5: What is the shape of the table? Please choose the closest match from the list. | BR5: What is the color or finish of the product? | BS5: Can the surface of the coffee table be lifted to a higher position? | BT5: What is the material used to construct the top of the product? | BU5: What material is used to construct the base of the product? | BV5: Which of the following types of natural variation and texture does the product have? Multiple can be selected if applicable. If the product does NOT have natural variation, please select No Natural Variation. | BW5: Select if this product is upholstered or comes with an upholstered component. (An upholstered item will have some sort of pad or filling material covered by fabric.) | BX5: Does this product have a shiny and sheer gloss finish over the normal painted finish? | BY5: Is the surface of the product mirrored? Please do not select “yes” if the product only features a mirror. This question refers to the surface material of the product, and if it is reflective. | BZ5: What type of base does this table have? If this product does not fit any of the listed options, please enter the correct information/value. | CA5: Does this product have wheels or casters? | CB5: What specific type of distressing does this product have? Select all that apply. | CC5: [Pounds] What is the maximum weight capacity of the product? Please enter just the number (i.e., 45.5). | CD5: What type of environmental setting was this product designed and manufactured to be used in? Note: your answer indicates that Wayfair is able to market this product as being intended for use in the selected setting(s). Please select both, if both options apply. | CE5: If this product requires electricity can it be plugged into a household outlet via an integral corded plug or an AC adapter? If this product does not require electricity or if this product requires electricity but does not/cannot use household AC voltages (with or without an AC adapter) please select "No". | CF5: Does this product include any storage elements such as shelves, drawers, cabinets or a hidden storage compartment? | CG5: Does this product include shelves? | CH5: Does this product have any drawers? | CI5: Does this product include cabinets? | CJ5: If the product is covered by decal or laminate, what material does that decal or laminate represent? | CK5: Is the tray removable? | CL5: What multiple separable pieces does this product include? | CM5: Does this product and/or packaging have additional advertising or labeling details regarding claims about the product’s origin? Please use this field to provide a qualified or unqualified claim regarding the product origin in accordance with US Federal Trade Commission (FTC) and Canada Competition Bureau regulations. Additionally, if applicable, please use this field to communicate any appropriate qualified, comparative, or descriptive claims regarding the origin of the product. Examples include, but are not limited to, communicating relevant percentage of domestic and non-domestic content (ex: 60% U.S. Content), communicating the origin of certain components of the product (ex: "Hand carved in U.S. — Wood from Philippines"), or communicating where the product was assembled (Ex : “Assembled In Mexico”). See https://www.ftc.gov/tips-advice/business-center/guidance/complying-made-usa-standard#qualified and https://www.competitionbureau.gc.ca/eic/site/cb-bc.nsf/eng/03169.html | CN5: Does this product have a decorative inlay or insert made of a different material than the rest of the product? | CO5: Which technique was used to join together the main pieces of wood to construct the overall product? | CP5: Is the wood kiln-dried? If product is not made of wood, please select "does not apply." | CQ5: Is the product a battery or does the product include batteries? | CR5: What is the composition of the batteries included with product? | CS5: What type is the battery? Button Cell, Cell, Battery? | CT5: Confirm number of batteries in this product | CU5: Do the cells/batteries ship stand alone/packed with the equipment/ contained (installed) in the equipment? | CV5: What is the aggregate lithium content of the cell/battery? Aggregate lithium content means the sum of the grams of lithium content contained by the cells comprising a battery. Please note, this is the weight weight of the lithium in the cell or battery, and not the weight of the entire cell or battery. | CW5: What is the Watt-hour(Wh) rating of the cell/battery? The Watt-hour rating of a lithium cell or battery is calculated by multiplying the rated capacity in ampere-hours by the nominal voltage. If only the milliampere-hours (mAh) are marked on the battery then divide that number by 1000 to get ampere-hours (Ah) (i.e. 4400 mAh / 1000 = 4.4. Ah). | CX5: What is the net weight of the cells or batteries that ship with the product in grams or kilograms. | CY5: Is this product unfinished (no paint, stain, or varnish)? | CZ5: What is the design of the legs? If this product does not fit any of the listed options, please enter the correct information/value. | DA5: What is the color of the base of this product? | DB5: What type of wood was used to construct this product? This describes the actual materials used, not the product's appearance. | DC5: What pieces are included with this product? | DD5: A product has scalloped edges if it contains curved, semicircular edges. | DE5: Is there a a concave pattern of parallel lines on a surface of this product? | DF5: Is there a a raised pattern of parallel lines on a surface of this product? | DG5: Which of the following durability features are applicable to this product? Please select all applicable options from the list. If none apply, please select "No Durability Features." | DH5: How many tables are included? | DI5: Does this product have a General Certificate of Conformity (GCC), as required by the U.S. CPSC for certain product classes? | DJ5: Is this product ADA (Americans with Disabilities Act) compliant? | DK5: FOR COMPLIANCE PURPOSES. Not customer facing information. Does this product include any pieces made of manufactured or composite wood products (CWP) This includes any of the following 1) HWPW-CC [Hardwood Plywood with Composite Core] 2) HWPW-VC [Hardwood Plywood with Veneer Core] 3) PB [Particleboard] 4) MDF or thin-MDF [Medium Density Fiberboard] | DL5: Is this product certified compliant for CARB ATCM Phase II formaldehyde emission standards from Composite Wood Products [California Air Resources Board (CARB)- Airborne Toxic Control Measures (ATCM) Phase II] | DM5: Is this product certified TSCA Title VI compliant regarding formaldehyde emissions from Composite Wood Products [Environmental Protection Agency (EPA)-Toxic Substance Control Act (TSCA)-Title VI] | DN5: Is this product CANFER compliant regarding formaldehyde emissions from composite wood products? [Canada Formaldehyde Emissions Regulation] NOTE: Please provide proof of certification to applicable formaldehyde emissions standards and a Declaration of Certification. More information on the Declaration of Certification and on other requirements for CANFER compliance can be found in Health Canada's Guidance Document (https://bit.ly/3FvYK2B) or by contacting any of our Product Compliance Resources (https://bit.ly/3h8EIlw). | DO5: Are this products components certified compliant with California Technical Bulletin: CAL TB 117-2013, the Flammability (Smolder) Standard for Upholstered Furniture Materials? | DP5: Does your product comply with the Uniform Packaging and Labeling Regulations, which requires product packaging to be accurate and provide adequate information as to the identity and quantity of its contents, as well as the name and address of the manufacturer and/or distributor? | DQ5: Is this product legally or operationally restricted from being offered for sale to Canadian customers on Wayfair.ca or delivered to Canadian addresses? Select “Yes” only if the product cannot legally be sold or shipped to Canada. For example, if it requires a license or certification you do not hold, or if you operate through a separate Canadian entity that cannot support the listing. | DR5: Please select the reason this product can not ship to Canada? Please select from the options or write in a reason if not selectable | DS5: Does this product meet the flammability standard for upholstered furniture set forth by Safer Occupancy Future Flammability Act (SOFFA)? Please note that SOFFA is incorporated into the COVID-19 Regulatory Relief and Work from Home Safety Act. | DT5: Is the product regulated as Hazardous Material / Dangerous Goods? Hazardous Materials/Dangerous Goods are substances that when transported pose a risk to health, safety, property or the environment. These materials may include explosives, compressed gases (aerosols), flammable liquids, oxidizers, toxic/poisonous, radioactive, corrosive, batteries, etc. An SDS is is a document that lists information relating to occupational safety and health for the use of various substances and products. The SDS includes information such as the properties of each chemical; the physical, health, and environmental health hazards; protective measures; and safety precautions for handling, storing, and transporting the chemical or product. | DU5: Please provide the UN or ID number. The UN or ID number is a 4 digit numeric code that identifies hazardous materials/dangerous goods, and articles in the framework of international and domestic transport. This can be found in section 14 of the Safety Data Sheet (SDS). Example - "UN3480" - Lithium Ion Batteries. If your UN number is not one of the options in the dropdown, please write this in manually. | DV5: Please provide the Hazard Class(es). This is the category of hazard assigned to a hazardous material/dangerous goods under the definitional criteria of the transportation regulations. A material may meet the defining criteria for more than one hazard class but is assigned to only one hazard class. Hazard classes vary from 1-9.This can be found in section 14 of the Safety Data Sheet (SDS). | DW5: Please provide the packing group (if applicable). Packing Groups I, II and III indicate the degree of danger presented by the material is great, medium or minor, respectively. Some hazardous materials/dangerous goods do not have a packing group assigned. This can be found in section 14 of the Safety Data Sheet (SDS). | DX5: Please provide the net weight or, for liquids, the net volume of hazardous material per unit of product. Provide the net weight of the hazardous materials/dangerous goods in your product in grams or kilograms. For example -if your product is a vacuum containing a lithium ion battery, you would enter the net weight of the battery. | DY5: Is the packaging for this SKU ISTA Certified (1A, 3A, 6A)? | DZ5: Do you have any certifications or credentials related to environmental sustainability, social responsibility, or ethical sourcing (e.g.,OEKO-TEX®, GREENGUARD, GoodWeave, Fair Trade, FSC, etc.)? To see examples of certificates currently part of our Shop Sustainably program, please visit: https://www.aboutwayfair.com/shop-sustainably. Please upload all related certificates so your products can be merchandised as part of the Shop Sustainably program. | EA5: For BIFMA Accredited products, suppliers must upload an ANSI/BIFMA durability-related testing document for the product from an ISO 17025 accredited lab. For BIFMA Equivalent products, suppliers must upload an ANSI/BIFMA durability-related testing document for the product, but the lab is not required to be ISO 17025 accredited. For Contract Grade Accredited products, suppliers must upload a testing document that aligns with Wayfair’s contract grade standards, along with a signed consent letter. Reference the Contract Grade help center article or reach out to your relationship manager for more information. | EB5: [Inches] What is the overall height of the product from top to bottom? Please enter just the number (e.g. 45.5). | EC5: [Inches] What is overall width of the product from side to side? Please enter just the number (e.g. 45.5). | ED5: [Inches] What is the overall depth of the product from front to back? Please enter just the number (e.g. 45.5). | EE5: [Pounds] What is the total weight of this product once assembled? If this product includes multiples of the same item, add weight of one individual unit (e.g. 1 Dining Chair in a set of 2). Please enter just the number (i.e. 45.5). | EF5: Does the product require any form of assembly prior to use as intended? | EG5: What is the level of assembly required? | EH5: What additional tools will the customer need to set-up this product that are NOT included with purchase? | EI5: Does the manufacturer warranty cover the use of this product in a commercial environment? | EJ5: How long does the manufacturer warranty apply for the product used in a commercial (non-residential) environment? If the correct value is not found, please select the closest available answer that is shorter than the warranty length. If warranty length varies by part, please select the answer that matches the part of the product with the shortest warranty. Please use the “Warranty Details” tag for any additional details. | EK5: Please indicate if there is a warranty on this product if it were to be used in a residential setting. | EL5: Please indicate if the warranty is Full or Limited. | EM5: Please indicate the length of the warranty offered from our list if this product were to be used in a residential setting. If the correct value is not found, please indicate both the number and unit (Days, Months, Years) that is appropriate.
B6: Text | C6: Text | D6: Select | E6: Text | F6: Text | G6: Text | H6: Text | I6: Text | J6: Select | K6: Text | L6: Select | M6: Text | N6: Select | O6: Text | P6: Select | Q6: Text | R6: Number | S6: Number | T6: Number | U6: Text | V6: Text | W6: Text | X6: Text | Y6: Text | Z6: Text | AA6: Whole Number | AB6: Whole Number | AC6: Whole Number | AD6: Number | AE6: Select | AF6: Select | AG6: Select | AH6: Select | AI6: Text | AJ6: Yes or No | AK6: Yes or No | AL6: Number | AM6: Number | AN6: Number | AO6: Number | AP6: Yes or No | AQ6: Select | AR6: Please choose one or more from the following, using a semicolon (;) to separate each value: Cancer; Developmental | AS6: Select | AT6: Text | AU6: Text | AV6: Text | AW6: Text | AX6: Text | AY6: Text | AZ6: Text | BA6: Please choose one or more from the following, using a semicolon (;) to separate each value: Specifications; Installation & Assembly; Owner Manual; Delivery Information; Warranty Information; Certifications; Disclaimers; Buying Guides; Promotions; Dimensions; Marketing Materials; Energy Guide; Other; Product Information Sheet; Digital Law Label | BB6: Please choose one or more from the following, using a semicolon (;) to separate each value: AAFA Certified; AATCC 116 Grade; AATCC 16.1-2014 Grade; AATCC 16.3-2014 Grade; AATCC 8 Grade; AC Rated; ACT Flammability Guidelines Compliant; AHAM CADR Dust rating; AHAM CADR Pollen rating; AHAM CADR Smoke rating; AHMA Certified; AHMA Compliant; AHRI Certified; ANSI A117.1 Compliant; ANSI A137.1 Compliant; ANSI IT9.2 Compliant; ANSI Z1.5A/CGA 9.1M Certified; ANSI Z124.1.2 Compliant; ANSI Z124.3 Compliant; ANSI Z124.6-97 Compliant; ANSI Z21.11.2-2016 - Gas-Fired Unvented Room Heaters and Gas-Fired Unvented Decorative Room Heaters; ANSI Z21.50-2016/CSA 2.22-2016 - Standard for Vented Decorative Gas Appliances; ANSI Z21.60-2017/CSA 2.26-2017- Standard for Decorative Gas Appliances; ANSI Z21.84-2017 - Standard for Manually Lighted/ Natural Gas/ Decorative Gas Appliances; ANSI Z21.88-2017/CSA 2.33-2017- Standard for Vented Gas Fireplace Heaters; ANSI Z358 Compliant; ANSI/BHMA A156 Certified; ANSI/BIFMA M7.1 Standard Test Method for Determining VOC Emissions; ANSI/BIFMA X5.1 Office Seating; ANSI/BIFMA X5.11 Large Occupant Office Seating; ANSI/BIFMA X5.3 Vertical Files; ANSI/BIFMA X5.4 Lounge & Public Seating; ANSI/BIFMA X5.5 Desk Products; ANSI/BIFMA X5.6 Panel Systems; ANSI/BIFMA X5.9 Storage; ANSI/BIFMA X6.1 Educational Seating; ANSI/BIFMA X7.1 Standard for Formaldehyde & TVOC Emissions; ANSI/ESD S20.20 Certified; ANSI/NISO Z39.48 Compliant; ANSI/SOHO S6.5 Small Office/Home Office; APMA Certified; ASHRAE 62.2 Standard Compliant; ASME A112.18.1 Compliant; ASME A112.18.2 Compliant; ASME A112.19.1 Compliant; ASME A112.19.2 Compliant; ASME A112.19.3 Compliant; ASP:02:01 Certification; ASSE 1001 Certified; ASSE 1006 Certified; ASSE 1016 Certified; ASTM 1821-19; ASTM E1590-07 Compliant; ASTM F1004-19 Certified; ASTM F1148-17 Compliant; ASTM F1148-18 Compliant; ASTM F1148-18 Certified; ASTM F1169 - 13 Compliant; ASTM F1487-17 Compliant; ASTM F1821 - 16 Compliant; ASTM F1912-17 Compliant; ASTM F1917 - 12 Compliant; ASTM F2057 - 14; ASTM F2057 - 17; ASTM F2057 - 19 | BC6: Select | BD6: Select | BE6: Text | BF6: Please choose one or more from the following, using a semicolon (;) to separate each value: Specifications; Installation & Assembly; Owner Manual; Delivery Information; Warranty Information; Certifications; Disclaimers; Buying Guides; Promotions; Dimensions; Marketing Materials; Energy Guide; Other; Product Information Sheet; Digital Law Label | BG6: Please choose one or more from the following, using a semicolon (;) to separate each value: AAFA Certified; AATCC 116 Grade; AATCC 16.1-2014 Grade; AATCC 16.3-2014 Grade; AATCC 8 Grade; AC Rated; ACT Flammability Guidelines Compliant; AHAM CADR Dust rating; AHAM CADR Pollen rating; AHAM CADR Smoke rating; AHMA Certified; AHMA Compliant; AHRI Certified; ANSI A117.1 Compliant; ANSI A137.1 Compliant; ANSI IT9.2 Compliant; ANSI Z1.5A/CGA 9.1M Certified; ANSI Z124.1.2 Compliant; ANSI Z124.3 Compliant; ANSI Z124.6-97 Compliant; ANSI Z21.11.2-2016 - Gas-Fired Unvented Room Heaters and Gas-Fired Unvented Decorative Room Heaters; ANSI Z21.50-2016/CSA 2.22-2016 - Standard for Vented Decorative Gas Appliances; ANSI Z21.60-2017/CSA 2.26-2017- Standard for Decorative Gas Appliances; ANSI Z21.84-2017 - Standard for Manually Lighted/ Natural Gas/ Decorative Gas Appliances; ANSI Z21.88-2017/CSA 2.33-2017- Standard for Vented Gas Fireplace Heaters; ANSI Z358 Compliant; ANSI/BHMA A156 Certified; ANSI/BIFMA M7.1 Standard Test Method for Determining VOC Emissions; ANSI/BIFMA X5.1 Office Seating; ANSI/BIFMA X5.11 Large Occupant Office Seating; ANSI/BIFMA X5.3 Vertical Files; ANSI/BIFMA X5.4 Lounge & Public Seating; ANSI/BIFMA X5.5 Desk Products; ANSI/BIFMA X5.6 Panel Systems; ANSI/BIFMA X5.9 Storage; ANSI/BIFMA X6.1 Educational Seating; ANSI/BIFMA X7.1 Standard for Formaldehyde & TVOC Emissions; ANSI/ESD S20.20 Certified; ANSI/NISO Z39.48 Compliant; ANSI/SOHO S6.5 Small Office/Home Office; APMA Certified; ASHRAE 62.2 Standard Compliant; ASME A112.18.1 Compliant; ASME A112.18.2 Compliant; ASME A112.19.1 Compliant; ASME A112.19.2 Compliant; ASME A112.19.3 Compliant; ASP:02:01 Certification; ASSE 1001 Certified; ASSE 1006 Certified; ASSE 1016 Certified; ASTM 1821-19; ASTM E1590-07 Compliant; ASTM F1004-19 Certified; ASTM F1148-17 Compliant; ASTM F1148-18 Compliant; ASTM F1148-18 Certified; ASTM F1169 - 13 Compliant; ASTM F1487-17 Compliant; ASTM F1821 - 16 Compliant; ASTM F1912-17 Compliant; ASTM F1917 - 12 Compliant; ASTM F2057 - 14; ASTM F2057 - 17; ASTM F2057 - 19 | BH6: Select | BI6: Select | BJ6: Text | BK6: Please choose one or more from the following, using a semicolon (;) to separate each value: Specifications; Installation & Assembly; Owner Manual; Delivery Information; Warranty Information; Certifications; Disclaimers; Buying Guides; Promotions; Dimensions; Marketing Materials; Energy Guide; Other; Product Information Sheet; Digital Law Label | BL6: Please choose one or more from the following, using a semicolon (;) to separate each value: AAFA Certified; AATCC 116 Grade; AATCC 16.1-2014 Grade; AATCC 16.3-2014 Grade; AATCC 8 Grade; AC Rated; ACT Flammability Guidelines Compliant; AHAM CADR Dust rating; AHAM CADR Pollen rating; AHAM CADR Smoke rating; AHMA Certified; AHMA Compliant; AHRI Certified; ANSI A117.1 Compliant; ANSI A137.1 Compliant; ANSI IT9.2 Compliant; ANSI Z1.5A/CGA 9.1M Certified; ANSI Z124.1.2 Compliant; ANSI Z124.3 Compliant; ANSI Z124.6-97 Compliant; ANSI Z21.11.2-2016 - Gas-Fired Unvented Room Heaters and Gas-Fired Unvented Decorative Room Heaters; ANSI Z21.50-2016/CSA 2.22-2016 - Standard for Vented Decorative Gas Appliances; ANSI Z21.60-2017/CSA 2.26-2017- Standard for Decorative Gas Appliances; ANSI Z21.84-2017 - Standard for Manually Lighted/ Natural Gas/ Decorative Gas Appliances; ANSI Z21.88-2017/CSA 2.33-2017- Standard for Vented Gas Fireplace Heaters; ANSI Z358 Compliant; ANSI/BHMA A156 Certified; ANSI/BIFMA M7.1 Standard Test Method for Determining VOC Emissions; ANSI/BIFMA X5.1 Office Seating; ANSI/BIFMA X5.11 Large Occupant Office Seating; ANSI/BIFMA X5.3 Vertical Files; ANSI/BIFMA X5.4 Lounge & Public Seating; ANSI/BIFMA X5.5 Desk Products; ANSI/BIFMA X5.6 Panel Systems; ANSI/BIFMA X5.9 Storage; ANSI/BIFMA X6.1 Educational Seating; ANSI/BIFMA X7.1 Standard for Formaldehyde & TVOC Emissions; ANSI/ESD S20.20 Certified; ANSI/NISO Z39.48 Compliant; ANSI/SOHO S6.5 Small Office/Home Office; APMA Certified; ASHRAE 62.2 Standard Compliant; ASME A112.18.1 Compliant; ASME A112.18.2 Compliant; ASME A112.19.1 Compliant; ASME A112.19.2 Compliant; ASME A112.19.3 Compliant; ASP:02:01 Certification; ASSE 1001 Certified; ASSE 1006 Certified; ASSE 1016 Certified; ASTM 1821-19; ASTM E1590-07 Compliant; ASTM F1004-19 Certified; ASTM F1148-17 Compliant; ASTM F1148-18 Compliant; ASTM F1148-18 Certified; ASTM F1169 - 13 Compliant; ASTM F1487-17 Compliant; ASTM F1821 - 16 Compliant; ASTM F1912-17 Compliant; ASTM F1917 - 12 Compliant; ASTM F2057 - 14; ASTM F2057 - 17; ASTM F2057 - 19 | BM6: Select | BN6: Select | BO6: Select | BP6: Yes or No | BQ6: Please choose one or more from the following, using a semicolon (;) to separate each value: Round; Pentagonal; Wedge; Half Moon; Hexagonal; Octagonal; Oval; Rectangular; Semi-Circle; Trapezoidal; Circular; Square; Triangular; Specialty; Half-Round; Corner; Free Form; Unavailable | BR6: Please choose one or more from the following, using a semicolon (;) to separate each value: Stainless Steel; Antique Bronze; Antique Copper; Satin Brass; Blue; Pink; Brown; Teal; Purple; Matte Black; Gray Wood; White Wood; Antique Brass; Brushed Brass; Silver; Dark Brown Wood; White; Rose Gold; Red; Brushed Nickel; Satin Black; Beige; Black; Gray; Gold; Chrome; Yellow; Orange; Green; Satin; Tan; Navy; Polished Nickel; Oil Rubbed Bronze; Polished Chrome; Oak Wood; Medium Wood; Red Wood; Polished Brass; Clear; Brass; Espresso Wood; Cream; Satin Nickel; Bronze; Light Yellow Wood; Natural Wood; Nickel; Medium Yellow Wood; Brown Wood; Copper; Ivory; Beige Wood; Brushed Gold | BS6: Yes or No | BT6: Please choose one or more from the following, using a semicolon (;) to separate each value: Fossil Stone; Nickel; Leather; Wicker / Rattan; Faux Marble; Manufactured Wood; Steel; Wicker; Stainless Steel; Marble; Concrete; Granite; Stone; Aluminum; Solid + Manufactured Wood; Synthetic Laminate; Copper; Plastic / Stone; Plastic / Acrylic; Mirrored Glass; Tile; Solid Wood; Glass; Iron; Brass; Ceramic; Beveled Glass; Frosted Glass; Tempered Glass; Slate; Unavailable; Does Not Apply | BU6: Please choose one or more from the following, using a semicolon (;) to separate each value: Glass; Manufactured Wood; Solid + Manufactured Wood; Solid Wood; Aluminum; Steel; Iron; Laminate; Stainless Steel; Brass; Wicker/Rattan; Cast Iron; Resin; Stone; Concrete; Marble; Acrylic; Faux Concrete; Wrought Iron; Plastic / Acrylic; Faux Marble; Shell; Reclaimed Wood; Wicker; Rattan; Does Not Apply | BV6: Please choose one or more from the following, using a semicolon (;) to separate each value: No Natural Variation; Natural Wood Grain Color Variation; Weathered Steel; Wood Knots; Natural Stone Color Variation; Unavailable | BW6: Yes or No | BX6: Yes or No | BY6: Yes or No | BZ6: Select | CA6: Yes or No | CB6: Please choose one or more from the following, using a semicolon (;) to separate each value: Distressed Leather; Paint Distressing; Distressed Grain Accents; Coat/Paint Distressing; Wormholes; No Natural Variation; No Distressing; Distressed Metal; Worn/Fade; Wood Scoring & Rub Through; Unavailable | CC6: Number | CD6: Please choose one or more from the following, using a semicolon (;) to separate each value: Non Residential Use; Residential Use | CE6: Yes or No | CF6: Yes or No | CG6: Yes or No | CH6: Yes or No | CI6: Yes or No | CJ6: Please choose one or more from the following, using a semicolon (;) to separate each value: Traditional; Mosaic; Curved; Wood; Pent; Flat; No Decal/Laminate Design; Glass; Granite; Concrete; Marble; Stone; Unavailable; Does Not Apply | CK6: Yes or No | CL6: Please choose one or more from the following, using a semicolon (;) to separate each value: Single; Nesting Tables; Bunching Tables; Does Not Apply | CM6: Please choose one or more from the following, using a semicolon (;) to separate each value: Made in USA; Made in USA of Imported Materials; Product of Canada; Made In Canada; Does Not Apply | CN6: Yes or No | CO6: Select | CP6: Yes or No | CQ6: Yes or No | CR6: Select | CS6: Select | CT6: Select | CU6: Select | CV6: Select | CW6: Select | CX6: Select | CY6: Yes or No | CZ6: Please choose one or more from the following, using a semicolon (;) to separate each value: Bun Feet; Fluted; Cabriole Legs; Straight legs; Ball Feet; Queen Ann; Scroll; Sled; Squared Legs; Turned Legs; Block Feet; X-leg; Solid; Bracket Legs; Unavailable; Does Not Apply | DA6: Please choose one or more from the following, using a semicolon (;) to separate each value: Black; Clear; Gold; Navy; Gray; Green; Purple; Teal; Brown; Orange; Yellow; Blue; Beige; Red; Silver; White; Ivory; Tan; Cream; Pink; Does Not Apply | DB6: Please choose one or more from the following, using a semicolon (;) to separate each value: Acacia; Alder; Ash; Bamboo; Beech; Birch; Camphor; Cedar; Cherry; Elm; Eucalyptus; Fir; Hickory; Mahogany; Mango; Maple; Oak; Pine; Poplar; Rosewood; Rubberwood; Sheesham; Spruce; Teak; Walnut; Wenge; Pecan; Shorea; Paulownia; Chestnut; Hemlock; Aspen; Mindi; Ipe; Olive; Ajo; Agarwood; Afzelia; Afrormosia; Bubinga; Brazilwood; Cumaru; Cedar, Mulanje; Cedar, Spanish; Aloewood; Lignum vitae; Mahogany, African; Mahogany, Mexican; Padauk, African; Macacauba; Ebony, Madagascar; Lignum vitae, Argentine; Gavilan; Mahogany, Honduran; Mahogany, Cuban; Stinkwood, red; Yew, Chinese; Pau rosa, Brazilian; Sandalwood, East African; Ramin; Zitan; Yew, Himalayan; Yew, Japanese; Rosewood, Siamese; Yew, Taiwan; Burlwood; Platane Wood; Sungkai; Does Not Apply | DC6: Please choose one or more from the following, using a semicolon (;) to separate each value: Bar Cart; Bar Table; Basket; Chair; Cocktail Table; Coffee Table; Drawers; End Table; Foot Stools; Furniture Pads; Glass Tabletop; Instruction Manual; Light; Nesting Tables; Ottoman / Footrest; Side Table; Stool; Storage Benches; Table Base; Unavailable; Does Not Apply | DD6: Yes or No | DE6: Yes or No | DF6: Yes or No | DG6: Please choose one or more from the following, using a semicolon (;) to separate each value: No Durability Features; Stain Resistant; Scratch Resistant; Does Not Apply | DH6: Whole Number | DI6: Select | DJ6: Yes or No | DK6: Yes or No | DL6: Select | DM6: Select | DN6: Select | DO6: Select | DP6: Select | DQ6: Yes or No | DR6: Please choose one or more from the following, using a semicolon (;) to separate each value: Dual Language; Distribution Conflict; Logistics; Does Not Apply | DS6: Yes or No | DT6: Yes or No | DU6: Please choose one or more from the following, using a semicolon (;) to separate each value: UN3091; UN3481; UN2800; UN1950; UN3496; ID8000; UN1013; UN3082; UN3077; UN3480; UN2857; UN3358; UN3090; UN1266; UN1993; UN1944; UN1070; UN1044; UN3163; UN1268; UN1760; UN1011; UN2794; UN1759; UN3171; UN1987; UN1263; UN1170; UN3265; UN3260; UN3215; UN1006; UN3175; UN1219; UN1325; Does Not Apply | DV6: Select | DW6: Select | DX6: Select | DY6: Select | DZ6: Yes or No | EA6: Select | EB6: Number | EC6: Number | ED6: Number | EE6: Number | EF6: Yes or No | EG6: Select | EH6: Please choose one or more from the following, using a semicolon (;) to separate each value: All Tools Included; Tool Free Assembly; Screwdriver; Allen Wrench; Adjustable Wrench; Socket Wrench; Power Drill; Hammer; Pliers; Ratchet; Utility Saw; Saw; Measuring Tape; Mallet; Level; Box Cutter; Caulk / Adhesive; Anchors / Stakes; Clamps; Drill Bit; Gloves; Hex Key; Glass Cutter; Chop Saw; Circular Saw; Phillips Head Screwdriver; Crescent Wrench; Flat Screwdriver; Adhesive Roller / Tray; Shovel; Drill; Smoother / Squeegee; Ladder; Wire Stripper; Razor Knife; Pencil; Electric Drill; Screw Gun; Scissors; Ruler; Safety Glasses; Utility Knife; Rope; Ear Protection; Stud Finder; Wrench; Tape Measure; Screws; Wire Cap; Hammer / Mallet; Chalk Line; Landscaping Fabric; No Tools Needed; Tile Cutter; Straight Edge; Silicone; Wet Saw; Torx Bit; Unavailable; Does Not Apply | EI6: Yes or No | EJ6: Select | EK6: Yes or No | EL6: Select | EM6: Please choose one or more from the following, using a semicolon (;) to separate each value: 30 Days; 60 Days; 90 Days; 6 Months; 1 Year; 2 Years; 3 Years; 5 Years; 10 Years; 20 Years; 25 Years; Lifetime; Warranty length varies by part; 15 Years; 18 Months; 12 Years; 6 Years; 4 Years; 8 Years; 7 Years; Does Not Apply
B7: Default Row: | C7: N/A | E7: N/A | F7: N/A | G7: N/A | I7: N/A | J7: N/A | K7: N/A | L7: N/A | M7: N/A | N7: N/A | O7: N/A | P7: N/A | Q7: N/A | R7: N/A | AT7: N/A | AU7: N/A | AV7: N/A | AW7: N/A | AX7: N/A | AY7: N/A
